Workbook

Sheet 計算シート
A1: 賃借料補助金消費税仕入控除税額 計算・入力シート
A2: 施設名
A3: 施設所在地
A4: 法人名
A5: 法人所在地
A6: 代表者職氏名
A7: 提出日
A8: 受領した補助金額（総額）
A9: 決算期
A10: 補助金額内訳（決算期前後で按分/自動計算） | C10: =IFERROR(C8/12*(MONTH(C9-DATE(2025,3,30))),"") | D10: =IFERROR(IF(C8-C10=0,"",C8-C10),"")
A11: 確定申告の方式
A12: 課税資産の譲渡等の対価の額
A13: 資産の譲渡等の 対価の額
A14: 課税売上割合
A15: 補助金に係る消費税の仕入控除税額が無い場合の概要 （例：免税事業者で消費税の確定申告を行っていないなど）
A16: 全額控除 | B16: 課税仕入（８％分）
B17: 課税仕入（10％分）
B18: 非課税仕入
A19: 個別対応方式 | B19: 課税売上対応（８％分）
B20: 課税売上対応（10％分）
B21: 非課税売上対応
B22: 共通売上対応（８％分）
B23: 共通売上対応（10％分）
B24: 非課税仕入
A25: 一括比例配分方式 | B25: 課税仕入（８％）
B26: 課税仕入（10％）
B27: 非課税仕入
A29: 計算に使用する課税売上割合 | C29: =IF(OR(C12=0,C13=0),"",C12 & "/" & C13) | D29: =IF(OR(D12=0,D13=0),"",D12 & "/" & D13)
A30: 消費税の申告により確定した消費税 及び地方消費税に係る仕入控除税額（端数切捨） | C30: =IF(C15="〇",0,②【返還あり事業者】計算表!K11) -> #DIV/0! | D30: =IFERROR(IF(C15="〇",0,②【返還あり事業者】計算表!K12),0) -> 0

Sheet ②【返還あり事業者】計算表
A1: ■計算シート（返還ありのみ）
AR2: （単位：円）
C3: ↓記入 | E3: ↓記入 | F3: ↓記入 | G3: ↓選択 | H3: ↓選択 | I3: ↓記入 | J3: ↓必要があれば記入 | K3: ↓自動 | L3: ↓選択 | M3: ↓記入 | N3: ↓記入 | O3: ↓自動 | P3: ↓記入 | Q3: ↓記入 | R3: ↓記入 | S3: ↓自動 | T3: ↓自動 | U3: ↓自動 | V3: ↓記入 | W3: ↓記入 | X3: ↓記入 | Y3: ↓記入 | Z3: ↓記入 | AA3: ↓記入 | AB3: ↓自動 | AC3: ↓自動 | AD3: ↓記入 | AE3: ↓記入 | AF3: ↓記入 | AG3: ↓自動 | AI3: ↓自動 | AJ3: ↓記入 | AK3: ↓記入 | AL3: ↓記入 | AN3: ↓記入 | AO3: ↓記入 | AQ3: ↓記入 | AR3: ↓自動 | AT3: ↓自動 | AU3: ↓自動 | AV3: ↓自動 | AW3: ↓自動 | AY3: ↓自動 | AZ3: ↓自動 | BB3: ↓自動 | BC3: ↓自動
C4: 管理番号 | E4: 事業者名 | F4: 施設名等 | G4: 補助金情報 | J4: 備考 | K4: 補助金に係る 仕入控除税額 | L4: 確定申告の方式 | M4: 課税売上割合 | O4: 全額控除 | T4: 個別対応方式 | AC4: 一括比例配分方式 | AI4: 充当額 ＝額確定額 | AJ4: 国費 | AO4: 県費 | AR4: 市費 | AT4: 仕入控除税額 | AU4: 国費 | AZ4: 県費 | BC4: 市費
G5: 交付 年度 | H5: 補助金名 | I5: 補助金の額確定額 | M5: 課税資産の譲渡等の対価の額 | N5: 資産の譲渡等の 対価の額 | O5: 合計 | P5: 課税仕入 （８％分） | Q5: 課税仕入 （10％分） | R5: 非課税仕入 | S5: 仕入控除税額 | T5: 合計 | U5: 課税仕入 | AA5: 非課税仕入 | AB5: 仕入控除税額 | AC5: 合計 | AD5: 課税仕入 （８％分） | AE5: 課税仕入 （10％分） | AF5: 非課税仕入 | AG5: 仕入控除税額 | AJ5: 子ども・子育て 支援交付金 | AK5: 子ども・子育て支援 体制整備総合推進 事業費補助金 | AL5: 保育対策総合支援 事業費補助金 | AM5: 保育士等処遇改善 臨時特例交付金 | AN5: 新型コロナウイルス 感染症対応 地方創生臨時交付金 | AO5: 子ども・子育て 支援交付金 | AP5: 保育対策総合支援 事業費補助金 | AQ5: 安心こども基金 | AU5: 子ども・子育て 支援交付金 | AV5: 子ども・子育て支援 体制整備総合推進 事業費補助金 | AW5: 保育対策総合支援 事業費補助金 | AX5: 保育士等処遇改善 臨時特例交付金 | AY5: 新型コロナウイルス 感染症対応 地方創生臨時交付金 | AZ5: 子ども・子育て 支援交付金 | BA5: 保育対策総合支援 事業費補助金 | BB5: 安心こども基金
C6: 事業者 | D6: 枝番 | U6: 合計 | V6: 課税売上対応 （８％分） | W6: 課税売上対応 （10％分） | X6: 非課税売上対応 | Y6: 共通売上対応 （８％分） | Z6: 共通売上対応 （10％分）
A8: 例 | C8: 1 | D8: 1 | E8: 株式会社A | F8: X保育所 | G8: 4 | H8: 横浜市○○○○補助金 | I8: 10000000 | K8: =S8+AB8+AG8 -> 526935 | L8: 全額控除 | M8: 98000000 | N8: 100000000 | O8: =SUM(P8:R8) -> 10000000 | P8: 6500000 | Q8: 500000 | R8: 3000000 | S8: =IF(AND($L8="全額控除"),ROUNDDOWN($P8*(8/108),0))+ROUNDDOWN($Q8*(10/110),0) -> 526935 | T8: =U8+AA8 -> 0 | U8: =SUM(V8:Z8) -> 0 | AB8: =IF($L8="個別対応方式",ROUNDDOWN((V8*(8/108)),0)+ROUNDDOWN((W8*(10/110)),0)+ROUNDDOWN((Y8*(8/108)*(M8/N8)),0)+ROUNDDOWN((Z8*(10/110)*(M8/N8)),0)) -> FALSE | AC8: =SUM(AD8:AF8) -> 0 | AG8: =IF(AND($L8="一括比例配分方式"),ROUNDDOWN(($AD8*(8/108)*(M8/N8)),0))+ROUNDDOWN(($AE8*(10/110)*(M8/N8)),0) -> 0 | AI8: =I8 -> 10000000 | AJ8: 5000000 | AR8: =AI8-(SUM(AJ8:AQ8)) -> 5000000 | AT8: =K8 -> 526935 | AU8: =IFERROR(ROUNDUP(($K8*(AJ8/$AI8)),0),"") -> 263468 | AV8: =IFERROR(ROUNDUP(($K8*(AK8/$AI8)),0),"") -> 0 | AW8: =IFERROR(ROUNDUP(($K8*(AL8/$AI8)),0),"") -> 0 | AX8: =IFERROR(ROUNDUP(($K8*(AM8/$AI8)),0),"") -> 0 | AY8: =IFERROR(ROUNDUP(($K8*(AN8/$AI8)),0),"") -> 0 | AZ8: =IFERROR(ROUNDUP(($K8*(AO8/$AI8)),0),"") -> 0 | BA8: =IFERROR(ROUNDUP(($K8*(AP8/$AI8)),0),"") -> 0 | BB8: =IFERROR(ROUNDUP(($K8*(AQ8/$AI8)),0),"") -> 0 | BC8: =AT8-(SUM(AU8:BB8)) -> 263467
C9: 4 | D9: 1 | E9: 社会福祉法人B | F9: Y保育所 | G9: 4 | H9: 横浜市○○○○補助金 | I9: 10000000 | K9: =S9+AB9+AG9 -> 499998 | L9: 個別対応方式 | M9: 80000000 | N9: 100000000 | O9: =SUM(P9:R9) -> 0 | S9: =IF(AND($L9="全額控除"),ROUNDDOWN($P9*(8/108),0))+ROUNDDOWN($Q9*(10/110),0) -> 0 | T9: =U9+AA9 -> 10000000 | U9: =SUM(V9:Z9) -> 7000000 | V9: 4500000 | W9: 500000 | X9: 0 | Y9: 1800000 | Z9: 200000 | AA9: 3000000 | AB9: =IF($L9="個別対応方式",ROUNDDOWN((V9*(8/108)),0)+ROUNDDOWN((W9*(10/110)),0)+ROUNDDOWN((Y9*(8/108)*(M9/N9)),0)+ROUNDDOWN((Z9*(10/110)*(M9/N9)),0)) -> 499998 | AC9: =SUM(AD9:AF9) -> 0 | AG9: =IF(AND($L9="一括比例配分方式"),ROUNDDOWN(($AD9*(8/108)*(M9/N9)),0))+ROUNDDOWN(($AE9*(10/110)*(M9/N9)),0) -> 0 | AI9: =I9 -> 10000000 | AK9: 3000000 | AO9: 3000000 | AR9: =AI9-(SUM(AJ9:AQ9)) -> 4000000 | AT9: =K9 -> 499998 | AU9: =IFERROR(ROUNDUP(($K9*(AJ9/$AI9)),0),"") -> 0 | AV9: =IFERROR(ROUNDUP(($K9*(AK9/$AI9)),0),"") -> 150000 | AW9: =IFERROR(ROUNDUP(($K9*(AL9/$AI9)),0),"") -> 0 | AX9: =IFERROR(ROUNDUP(($K9*(AM9/$AI9)),0),"") -> 0 | AY9: =IFERROR(ROUNDUP(($K9*(AN9/$AI9)),0),"") -> 0 | AZ9: =IFERROR(ROUNDUP(($K9*(AO9/$AI9)),0),"") -> 150000 | BA9: =IFERROR(ROUNDUP(($K9*(AP9/$AI9)),0),"") -> 0 | BB9: =IFERROR(ROUNDUP(($K9*(AQ9/$AI9)),0),"") -> 0 | BC9: =AT9-(SUM(AU9:BB9)) -> 199998
C10: 4 | D10: 2 | E10: 社会福祉法人B | F10: Z保育所 | G10: 4 | I10: 10000000 | K10: =S10+AB10+AG10 -> 421548 | L10: 一括比例配分方式 | M10: 80000000 | N10: 100000000 | O10: =SUM(P10:R10) -> 0 | S10: =IF(AND($L10="全額控除"),ROUNDDOWN($P10*(8/108),0))+ROUNDDOWN($Q10*(10/110),0) -> 0 | T10: =U10+AA10 -> 0 | U10: =SUM(V10:Z10) -> 0 | AB10: =IF($L10="個別対応方式",ROUNDDOWN((V10*(8/108)),0)+ROUNDDOWN((W10*(10/110)),0)+ROUNDDOWN((Y10*(8/108)*(M10/N10)),0)+ROUNDDOWN((Z10*(10/110)*(M10/N10)),0)) -> FALSE | AC10: =SUM(AD10:AF10) -> 10000000 | AD10: 6500000 | AE10: 500000 | AF10: 3000000 | AG10: =IF(AND($L10="一括比例配分方式"),ROUNDDOWN(($AD10*(8/108)*(M10/N10)),0))+ROUNDDOWN(($AE10*(10/110)*(M10/N10)),0) -> 421548 | AI10: =I10 -> 10000000 | AJ10: 10000000 | AR10: =AI10-(SUM(AJ10:AQ10)) -> 0 | AT10: =K10 -> 421548 | AU10: =IFERROR(ROUNDUP(($K10*(AJ10/$AI10)),0),"") -> 421548 | AV10: =IFERROR(ROUNDUP(($K10*(AK10/$AI10)),0),"") -> 0 | AW10: =IFERROR(ROUNDUP(($K10*(AL10/$AI10)),0),"") -> 0 | AX10: =IFERROR(ROUNDUP(($K10*(AM10/$AI10)),0),"") -> 0 | AY10: =IFERROR(ROUNDUP(($K10*(AN10/$AI10)),0),"") -> 0 | AZ10: =IFERROR(ROUNDUP(($K10*(AO10/$AI10)),0),"") -> 0 | BA10: =IFERROR(ROUNDUP(($K10*(AP10/$AI10)),0),"") -> 0 | BB10: =IFERROR(ROUNDUP(($K10*(AQ10/$AI10)),0),"") -> 0 | BC10: =AT10-(SUM(AU10:BB10)) -> 0
F11: =_xlfn.CONCAT('第7号様式（仕入控除税額報告書）'!G14:I14,"（",TEXT(計算シート!C9,"[$-411]ggge""年""m""月"""),"期分）") -> 0（明治33年1月期分） | I11: =計算シート!C10 | K11: =S11+AB11+AG11 -> #DIV/0! | L11: =計算シート!C11 -> 0 | M11: =計算シート!C12 -> 0 | N11: =計算シート!C13 -> 0 | O11: =SUM(P11:R11) -> 0 | P11: =計算シート!C16 -> 0 | Q11: =計算シート!C17 -> 0 | R11: =計算シート!C18 -> 0 | S11: =IF(AND($L11="全額控除"),ROUNDDOWN($P11*(8/108),0))+ROUNDDOWN($Q11*(10/110),0) -> 0 | T11: =U11+AA11 -> 0 | U11: =SUM(V11:Z11) -> 0 | V11: =計算シート!C19 -> 0 | W11: =計算シート!C20 -> 0 | X11: =計算シート!C21 -> 0 | Y11: =計算シート!C22 -> 0 | Z11: =計算シート!C23 -> 0 | AA11: =計算シート!C24 -> 0 | AB11: =IF($L11="個別対応方式",ROUNDDOWN((V11*(8/108)),0)+ROUNDDOWN((W11*(10/110)),0)+ROUNDDOWN((Y11*(8/108)*(M11/N11)),0)+ROUNDDOWN((Z11*(10/110)*(M11/N11)),0)) -> FALSE | AC11: =SUM(AD11:AF11) -> 0 | AD11: =計算シート!C25 -> 0 | AE11: =計算シート!C26 -> 0 | AF11: =計算シート!C27 -> 0 | AG11: =IF(AND($L11="一括比例配分方式"),ROUNDDOWN(($AD11*(8/108)*(M11/N11)),0))+ROUNDDOWN(($AE11*(10/110)*(M11/N11)),0) -> #DIV/0! | AI11: =I11 | AT11: =K11 -> #DIV/0! | AU11: =IFERROR(ROUNDUP(($K11*(AJ11/$AI11)),0),"") | AV11: =IFERROR(ROUNDUP(($K11*(AK11/$AI11)),0),"") | AW11: =IFERROR(ROUNDUP(($K11*(AL11/$AI11)),0),"") | AX11: =IFERROR(ROUNDUP(($K11*(AM11/$AI11)),0),"") | AY11: =IFERROR(ROUNDUP(($K11*(AN11/$AI11)),0),"") | AZ11: =IFERROR(ROUNDUP(($K11*(AO11/$AI11)),0),"") | BA11: =IFERROR(ROUNDUP(($K11*(AP11/$AI11)),0),"") | BB11: =IFERROR(ROUNDUP(($K11*(AQ11/$AI11)),0),"") | BC11: =AT11-(SUM(AU11:BB11)) -> #DIV/0!
F12: =_xlfn.CONCAT('第7号様式（仕入控除税額報告書）'!G14:I14,"（",TEXT(計算シート!D9,"[$-411]ggge""年""m""月"""),"期分）") -> 0（明治33年1月期分） | I12: =計算シート!D10 | K12: =S12+AB12+AG12 -> #DIV/0! | L12: =計算シート!D11 -> 0 | M12: =計算シート!D12 -> 0 | N12: =計算シート!D13 -> 0 | O12: =SUM(P12:R12) -> 0 | P12: =計算シート!D16 -> 0 | Q12: =計算シート!D17 -> 0 | R12: =計算シート!D18 -> 0 | S12: =IF(AND($L12="全額控除"),ROUNDDOWN($P12*(8/108),0))+ROUNDDOWN($Q12*(10/110),0) -> 0 | T12: =U12+AA12 -> 0 | U12: =SUM(V12:Z12) -> 0 | V12: =計算シート!D19 -> 0 | W12: =計算シート!D20 -> 0 | X12: =計算シート!D21 -> 0 | Y12: =計算シート!D22 -> 0 | Z12: =計算シート!D23 -> 0 | AA12: =計算シート!D24 -> 0 | AB12: =IF($L12="個別対応方式",ROUNDDOWN((V12*(8/108)),0)+ROUNDDOWN((W12*(10/110)),0)+ROUNDDOWN((Y12*(8/108)*(M12/N12)),0)+ROUNDDOWN((Z12*(10/110)*(M12/N12)),0)) -> FALSE | AC12: =SUM(AD12:AF12) -> 0 | AD12: =計算シート!D25 -> 0 | AE12: =計算シート!D26 -> 0 | AF12: =計算シート!D27 -> 0 | AG12: =IF(AND($L12="一括比例配分方式"),ROUNDDOWN(($AD12*(8/108)*(M12/N12)),0))+ROUNDDOWN(($AE12*(10/110)*(M12/N12)),0) -> #DIV/0! | AI12: =I14 -> 0 | AT12: =K12 -> #DIV/0! | AU12: =IFERROR(ROUNDUP(($K12*(AJ12/$AI12)),0),"") | AV12: =IFERROR(ROUNDUP(($K12*(AK12/$AI12)),0),"") | AW12: =IFERROR(ROUNDUP(($K12*(AL12/$AI12)),0),"") | AX12: =IFERROR(ROUNDUP(($K12*(AM12/$AI12)),0),"") | AY12: =IFERROR(ROUNDUP(($K12*(AN12/$AI12)),0),"") | AZ12: =IFERROR(ROUNDUP(($K12*(AO12/$AI12)),0),"") | BA12: =IFERROR(ROUNDUP(($K12*(AP12/$AI12)),0),"") | BB12: =IFERROR(ROUNDUP(($K12*(AQ12/$AI12)),0),"") | BC12: =AT12-(SUM(AU12:BB12)) -> #DIV/0!
K13: =S13+AB13+AG13 -> #DIV/0! | O13: =SUM(P13:R13) -> 0 | S13: =IF(AND($L13="全額控除"),ROUNDDOWN($P13*(8/108),0))+ROUNDDOWN($Q13*(10/110),0) -> 0 | T13: =U13+AA13 -> 0 | U13: =SUM(V13:Z13) -> 0 | AB13: =IF($L13="個別対応方式",ROUNDDOWN((V13*(8/108)),0)+ROUNDDOWN((W13*(10/110)),0)+ROUNDDOWN((Y13*(8/108)*(M13/N13)),0)+ROUNDDOWN((Z13*(10/110)*(M13/N13)),0)) -> FALSE | AC13: =SUM(AD13:AF13) -> 0 | AG13: =IF(AND($L13="一括比例配分方式"),ROUNDDOWN(($AD13*(8/108)*(M13/N13)),0))+ROUNDDOWN(($AE13*(10/110)*(M13/N13)),0) -> #DIV/0! | AI13: =I15 -> 0 | AT13: =K13 -> #DIV/0! | AU13: =IFERROR(ROUNDUP(($K13*(AJ13/$AI13)),0),"") | AV13: =IFERROR(ROUNDUP(($K13*(AK13/$AI13)),0),"") | AW13: =IFERROR(ROUNDUP(($K13*(AL13/$AI13)),0),"") | AX13: =IFERROR(ROUNDUP(($K13*(AM13/$AI13)),0),"") | AY13: =IFERROR(ROUNDUP(($K13*(AN13/$AI13)),0),"") | AZ13: =IFERROR(ROUNDUP(($K13*(AO13/$AI13)),0),"") | BA13: =IFERROR(ROUNDUP(($K13*(AP13/$AI13)),0),"") | BB13: =IFERROR(ROUNDUP(($K13*(AQ13/$AI13)),0),"") | BC13: =AT13-(SUM(AU13:BB13)) -> #DIV/0!
K14: =S14+AB14+AG14 -> #DIV/0! | O14: =SUM(P14:R14) -> 0 | S14: =IF(AND($L14="全額控除"),ROUNDDOWN($P14*(8/108),0))+ROUNDDOWN($Q14*(10/110),0) -> 0 | T14: =U14+AA14 -> 0 | U14: =SUM(V14:Z14) -> 0 | AB14: =IF($L14="個別対応方式",ROUNDDOWN((V14*(8/108)),0)+ROUNDDOWN((W14*(10/110)),0)+ROUNDDOWN((Y14*(8/108)*(M14/N14)),0)+ROUNDDOWN((Z14*(10/110)*(M14/N14)),0)) -> FALSE | AC14: =SUM(AD14:AF14) -> 0 | AG14: =IF(AND($L14="一括比例配分方式"),ROUNDDOWN(($AD14*(8/108)*(M14/N14)),0))+ROUNDDOWN(($AE14*(10/110)*(M14/N14)),0) -> #DIV/0! | AI14: =I16 -> 0 | AT14: =K14 -> #DIV/0! | AU14: =IFERROR(ROUNDUP(($K14*(AJ14/$AI14)),0),"") | AV14: =IFERROR(ROUNDUP(($K14*(AK14/$AI14)),0),"") | AW14: =IFERROR(ROUNDUP(($K14*(AL14/$AI14)),0),"") | AX14: =IFERROR(ROUNDUP(($K14*(AM14/$AI14)),0),"") | AY14: =IFERROR(ROUNDUP(($K14*(AN14/$AI14)),0),"") | AZ14: =IFERROR(ROUNDUP(($K14*(AO14/$AI14)),0),"") | BA14: =IFERROR(ROUNDUP(($K14*(AP14/$AI14)),0),"") | BB14: =IFERROR(ROUNDUP(($K14*(AQ14/$AI14)),0),"") | BC14: =AT14-(SUM(AU14:BB14)) -> #DIV/0!
K15: =S15+AB15+AG15 -> #DIV/0! | O15: =SUM(P15:R15) -> 0 | S15: =IF(AND($L15="全額控除"),ROUNDDOWN($P15*(8/108),0))+ROUNDDOWN($Q15*(10/110),0) -> 0 | T15: =U15+AA15 -> 0 | U15: =SUM(V15:Z15) -> 0 | AB15: =IF($L15="個別対応方式",ROUNDDOWN((V15*(8/108)),0)+ROUNDDOWN((W15*(10/110)),0)+ROUNDDOWN((Y15*(8/108)*(M15/N15)),0)+ROUNDDOWN((Z15*(10/110)*(M15/N15)),0)) -> FALSE | AC15: =SUM(AD15:AF15) -> 0 | AG15: =IF(AND($L15="一括比例配分方式"),ROUNDDOWN(($AD15*(8/108)*(M15/N15)),0))+ROUNDDOWN(($AE15*(10/110)*(M15/N15)),0) -> #DIV/0! | AI15: =I17 -> 0 | AT15: =K15 -> #DIV/0! | AU15: =IFERROR(ROUNDUP(($K15*(AJ15/$AI15)),0),"") | AV15: =IFERROR(ROUNDUP(($K15*(AK15/$AI15)),0),"") | AW15: =IFERROR(ROUNDUP(($K15*(AL15/$AI15)),0),"") | AX15: =IFERROR(ROUNDUP(($K15*(AM15/$AI15)),0),"") | AY15: =IFERROR(ROUNDUP(($K15*(AN15/$AI15)),0),"") | AZ15: =IFERROR(ROUNDUP(($K15*(AO15/$AI15)),0),"") | BA15: =IFERROR(ROUNDUP(($K15*(AP15/$AI15)),0),"") | BB15: =IFERROR(ROUNDUP(($K15*(AQ15/$AI15)),0),"") | BC15: =AT15-(SUM(AU15:BB15)) -> #DIV/0!
K16: =S16+AB16+AG16 -> #DIV/0! | O16: =SUM(P16:R16) -> 0 | S16: =IF(AND($L16="全額控除"),ROUNDDOWN($P16*(8/108),0))+ROUNDDOWN($Q16*(10/110),0) -> 0 | T16: =U16+AA16 -> 0 | U16: =SUM(V16:Z16) -> 0 | AB16: =IF($L16="個別対応方式",ROUNDDOWN((V16*(8/108)),0)+ROUNDDOWN((W16*(10/110)),0)+ROUNDDOWN((Y16*(8/108)*(M16/N16)),0)+ROUNDDOWN((Z16*(10/110)*(M16/N16)),0)) -> FALSE | AC16: =SUM(AD16:AF16) -> 0 | AG16: =IF(AND($L16="一括比例配分方式"),ROUNDDOWN(($AD16*(8/108)*(M16/N16)),0))+ROUNDDOWN(($AE16*(10/110)*(M16/N16)),0) -> #DIV/0! | AI16: =I18 -> 0 | AT16: =K16 -> #DIV/0! | AU16: =IFERROR(ROUNDUP(($K16*(AJ16/$AI16)),0),"") | AV16: =IFERROR(ROUNDUP(($K16*(AK16/$AI16)),0),"") | AW16: =IFERROR(ROUNDUP(($K16*(AL16/$AI16)),0),"") | AX16: =IFERROR(ROUNDUP(($K16*(AM16/$AI16)),0),"") | AY16: =IFERROR(ROUNDUP(($K16*(AN16/$AI16)),0),"") | AZ16: =IFERROR(ROUNDUP(($K16*(AO16/$AI16)),0),"") | BA16: =IFERROR(ROUNDUP(($K16*(AP16/$AI16)),0),"") | BB16: =IFERROR(ROUNDUP(($K16*(AQ16/$AI16)),0),"") | BC16: =AT16-(SUM(AU16:BB16)) -> #DIV/0!
K17: =S17+AB17+AG17 -> #DIV/0! | O17: =SUM(P17:R17) -> 0 | S17: =IF(AND($L17="全額控除"),ROUNDDOWN($P17*(8/108),0))+ROUNDDOWN($Q17*(10/110),0) -> 0 | T17: =U17+AA17 -> 0 | U17: =SUM(V17:Z17) -> 0 | AB17: =IF($L17="個別対応方式",ROUNDDOWN((V17*(8/108)),0)+ROUNDDOWN((W17*(10/110)),0)+ROUNDDOWN((Y17*(8/108)*(M17/N17)),0)+ROUNDDOWN((Z17*(10/110)*(M17/N17)),0)) -> FALSE | AC17: =SUM(AD17:AF17) -> 0 | AG17: =IF(AND($L17="一括比例配分方式"),ROUNDDOWN(($AD17*(8/108)*(M17/N17)),0))+ROUNDDOWN(($AE17*(10/110)*(M17/N17)),0) -> #DIV/0! | AI17: =I19 -> 0 | AT17: =K17 -> #DIV/0! | AU17: =IFERROR(ROUNDUP(($K17*(AJ17/$AI17)),0),"") | AV17: =IFERROR(ROUNDUP(($K17*(AK17/$AI17)),0),"") | AW17: =IFERROR(ROUNDUP(($K17*(AL17/$AI17)),0),"") | AX17: =IFERROR(ROUNDUP(($K17*(AM17/$AI17)),0),"") | AY17: =IFERROR(ROUNDUP(($K17*(AN17/$AI17)),0),"") | AZ17: =IFERROR(ROUNDUP(($K17*(AO17/$AI17)),0),"") | BA17: =IFERROR(ROUNDUP(($K17*(AP17/$AI17)),0),"") | BB17: =IFERROR(ROUNDUP(($K17*(AQ17/$AI17)),0),"") | BC17: =AT17-(SUM(AU17:BB17)) -> #DIV/0!
K18: =S18+AB18+AG18 -> #DIV/0! | O18: =SUM(P18:R18) -> 0 | S18: =IF(AND($L18="全額控除"),ROUNDDOWN($P18*(8/108),0))+ROUNDDOWN($Q18*(10/110),0) -> 0 | T18: =U18+AA18 -> 0 | U18: =SUM(V18:Z18) -> 0 | AB18: =IF($L18="個別対応方式",ROUNDDOWN((V18*(8/108)),0)+ROUNDDOWN((W18*(10/110)),0)+ROUNDDOWN((Y18*(8/108)*(M18/N18)),0)+ROUNDDOWN((Z18*(10/110)*(M18/N18)),0)) -> FALSE | AC18: =SUM(AD18:AF18) -> 0 | AG18: =IF(AND($L18="一括比例配分方式"),ROUNDDOWN(($AD18*(8/108)*(M18/N18)),0))+ROUNDDOWN(($AE18*(10/110)*(M18/N18)),0) -> #DIV/0! | AI18: =I20 -> 0 | AT18: =K18 -> #DIV/0! | AU18: =IFERROR(ROUNDUP(($K18*(AJ18/$AI18)),0),"") | AV18: =IFERROR(ROUNDUP(($K18*(AK18/$AI18)),0),"") | AW18: =IFERROR(ROUNDUP(($K18*(AL18/$AI18)),0),"") | AX18: =IFERROR(ROUNDUP(($K18*(AM18/$AI18)),0),"") | AY18: =IFERROR(ROUNDUP(($K18*(AN18/$AI18)),0),"") | AZ18: =IFERROR(ROUNDUP(($K18*(AO18/$AI18)),0),"") | BA18: =IFERROR(ROUNDUP(($K18*(AP18/$AI18)),0),"") | BB18: =IFERROR(ROUNDUP(($K18*(AQ18/$AI18)),0),"") | BC18: =AT18-(SUM(AU18:BB18)) -> #DIV/0!
K19: =S19+AB19+AG19 -> #DIV/0! | O19: =SUM(P19:R19) -> 0 | S19: =IF(AND($L19="全額控除"),ROUNDDOWN($P19*(8/108),0))+ROUNDDOWN($Q19*(10/110),0) -> 0 | T19: =U19+AA19 -> 0 | U19: =SUM(V19:Z19) -> 0 | AB19: =IF($L19="個別対応方式",ROUNDDOWN((V19*(8/108)),0)+ROUNDDOWN((W19*(10/110)),0)+ROUNDDOWN((Y19*(8/108)*(M19/N19)),0)+ROUNDDOWN((Z19*(10/110)*(M19/N19)),0)) -> FALSE | AC19: =SUM(AD19:AF19) -> 0 | AG19: =IF(AND($L19="一括比例配分方式"),ROUNDDOWN(($AD19*(8/108)*(M19/N19)),0))+ROUNDDOWN(($AE19*(10/110)*(M19/N19)),0) -> #DIV/0! | AI19: =I21 -> 0 | AT19: =K19 -> #DIV/0! | AU19: =IFERROR(ROUNDUP(($K19*(AJ19/$AI19)),0),"") | AV19: =IFERROR(ROUNDUP(($K19*(AK19/$AI19)),0),"") | AW19: =IFERROR(ROUNDUP(($K19*(AL19/$AI19)),0),"") | AX19: =IFERROR(ROUNDUP(($K19*(AM19/$AI19)),0),"") | AY19: =IFERROR(ROUNDUP(($K19*(AN19/$AI19)),0),"") | AZ19: =IFERROR(ROUNDUP(($K19*(AO19/$AI19)),0),"") | BA19: =IFERROR(ROUNDUP(($K19*(AP19/$AI19)),0),"") | BB19: =IFERROR(ROUNDUP(($K19*(AQ19/$AI19)),0),"") | BC19: =AT19-(SUM(AU19:BB19)) -> #DIV/0!
K20: =S20+AB20+AG20 -> #DIV/0! | O20: =SUM(P20:R20) -> 0 | S20: =IF(AND($L20="全額控除"),ROUNDDOWN($P20*(8/108),0))+ROUNDDOWN($Q20*(10/110),0) -> 0 | T20: =U20+AA20 -> 0 | U20: =SUM(V20:Z20) -> 0 | AB20: =IF($L20="個別対応方式",ROUNDDOWN((V20*(8/108)),0)+ROUNDDOWN((W20*(10/110)),0)+ROUNDDOWN((Y20*(8/108)*(M20/N20)),0)+ROUNDDOWN((Z20*(10/110)*(M20/N20)),0)) -> FALSE | AC20: =SUM(AD20:AF20) -> 0 | AG20: =IF(AND($L20="一括比例配分方式"),ROUNDDOWN(($AD20*(8/108)*(M20/N20)),0))+ROUNDDOWN(($AE20*(10/110)*(M20/N20)),0) -> #DIV/0! | AI20: =I22 -> 0 | AT20: =K20 -> #DIV/0! | AU20: =IFERROR(ROUNDUP(($K20*(AJ20/$AI20)),0),"") | AV20: =IFERROR(ROUNDUP(($K20*(AK20/$AI20)),0),"") | AW20: =IFERROR(ROUNDUP(($K20*(AL20/$AI20)),0),"") | AX20: =IFERROR(ROUNDUP(($K20*(AM20/$AI20)),0),"") | AY20: =IFERROR(ROUNDUP(($K20*(AN20/$AI20)),0),"") | AZ20: =IFERROR(ROUNDUP(($K20*(AO20/$AI20)),0),"") | BA20: =IFERROR(ROUNDUP(($K20*(AP20/$AI20)),0),"") | BB20: =IFERROR(ROUNDUP(($K20*(AQ20/$AI20)),0),"") | BC20: =AT20-(SUM(AU20:BB20)) -> #DIV/0!
K21: =S21+AB21+AG21 -> #DIV/0! | O21: =SUM(P21:R21) -> 0 | S21: =IF(AND($L21="全額控除"),ROUNDDOWN($P21*(8/108),0))+ROUNDDOWN($Q21*(10/110),0) -> 0 | T21: =U21+AA21 -> 0 | U21: =SUM(V21:Z21) -> 0 | AB21: =IF($L21="個別対応方式",ROUNDDOWN((V21*(8/108)),0)+ROUNDDOWN((W21*(10/110)),0)+ROUNDDOWN((Y21*(8/108)*(M21/N21)),0)+ROUNDDOWN((Z21*(10/110)*(M21/N21)),0)) -> FALSE | AC21: =SUM(AD21:AF21) -> 0 | AG21: =IF(AND($L21="一括比例配分方式"),ROUNDDOWN(($AD21*(8/108)*(M21/N21)),0))+ROUNDDOWN(($AE21*(10/110)*(M21/N21)),0) -> #DIV/0! | AI21: =I23 -> 0 | AT21: =K21 -> #DIV/0! | AU21: =IFERROR(ROUNDUP(($K21*(AJ21/$AI21)),0),"") | AV21: =IFERROR(ROUNDUP(($K21*(AK21/$AI21)),0),"") | AW21: =IFERROR(ROUNDUP(($K21*(AL21/$AI21)),0),"") | AX21: =IFERROR(ROUNDUP(($K21*(AM21/$AI21)),0),"") | AY21: =IFERROR(ROUNDUP(($K21*(AN21/$AI21)),0),"") | AZ21: =IFERROR(ROUNDUP(($K21*(AO21/$AI21)),0),"") | BA21: =IFERROR(ROUNDUP(($K21*(AP21/$AI21)),0),"") | BB21: =IFERROR(ROUNDUP(($K21*(AQ21/$AI21)),0),"") | BC21: =AT21-(SUM(AU21:BB21)) -> #DIV/0!
K22: =S22+AB22+AG22 -> #DIV/0! | O22: =SUM(P22:R22) -> 0 | S22: =IF(AND($L22="全額控除"),ROUNDDOWN($P22*(8/108),0))+ROUNDDOWN($Q22*(10/110),0) -> 0 | T22: =U22+AA22 -> 0 | U22: =SUM(V22:Z22) -> 0 | AB22: =IF($L22="個別対応方式",ROUNDDOWN((V22*(8/108)),0)+ROUNDDOWN((W22*(10/110)),0)+ROUNDDOWN((Y22*(8/108)*(M22/N22)),0)+ROUNDDOWN((Z22*(10/110)*(M22/N22)),0)) -> FALSE | AC22: =SUM(AD22:AF22) -> 0 | AG22: =IF(AND($L22="一括比例配分方式"),ROUNDDOWN(($AD22*(8/108)*(M22/N22)),0))+ROUNDDOWN(($AE22*(10/110)*(M22/N22)),0) -> #DIV/0! | AI22: =I24 -> 0 | AT22: =K22 -> #DIV/0! | AU22: =IFERROR(ROUNDUP(($K22*(AJ22/$AI22)),0),"") | AV22: =IFERROR(ROUNDUP(($K22*(AK22/$AI22)),0),"") | AW22: =IFERROR(ROUNDUP(($K22*(AL22/$AI22)),0),"") | AX22: =IFERROR(ROUNDUP(($K22*(AM22/$AI22)),0),"") | AY22: =IFERROR(ROUNDUP(($K22*(AN22/$AI22)),0),"") | AZ22: =IFERROR(ROUNDUP(($K22*(AO22/$AI22)),0),"") | BA22: =IFERROR(ROUNDUP(($K22*(AP22/$AI22)),0),"") | BB22: =IFERROR(ROUNDUP(($K22*(AQ22/$AI22)),0),"") | BC22: =AT22-(SUM(AU22:BB22)) -> #DIV/0!
K23: =S23+AB23+AG23 -> #DIV/0! | O23: =SUM(P23:R23) -> 0 | S23: =IF(AND($L23="全額控除"),ROUNDDOWN($P23*(8/108),0))+ROUNDDOWN($Q23*(10/110),0) -> 0 | T23: =U23+AA23 -> 0 | U23: =SUM(V23:Z23) -> 0 | AB23: =IF($L23="個別対応方式",ROUNDDOWN((V23*(8/108)),0)+ROUNDDOWN((W23*(10/110)),0)+ROUNDDOWN((Y23*(8/108)*(M23/N23)),0)+ROUNDDOWN((Z23*(10/110)*(M23/N23)),0)) -> FALSE | AC23: =SUM(AD23:AF23) -> 0 | AG23: =IF(AND($L23="一括比例配分方式"),ROUNDDOWN(($AD23*(8/108)*(M23/N23)),0))+ROUNDDOWN(($AE23*(10/110)*(M23/N23)),0) -> #DIV/0! | AI23: =I25 -> 0 | AT23: =K23 -> #DIV/0! | AU23: =IFERROR(ROUNDUP(($K23*(AJ23/$AI23)),0),"") | AV23: =IFERROR(ROUNDUP(($K23*(AK23/$AI23)),0),"") | AW23: =IFERROR(ROUNDUP(($K23*(AL23/$AI23)),0),"") | AX23: =IFERROR(ROUNDUP(($K23*(AM23/$AI23)),0),"") | AY23: =IFERROR(ROUNDUP(($K23*(AN23/$AI23)),0),"") | AZ23: =IFERROR(ROUNDUP(($K23*(AO23/$AI23)),0),"") | BA23: =IFERROR(ROUNDUP(($K23*(AP23/$AI23)),0),"") | BB23: =IFERROR(ROUNDUP(($K23*(AQ23/$AI23)),0),"") | BC23: =AT23-(SUM(AU23:BB23)) -> #DIV/0!
K24: =S24+AB24+AG24 -> #DIV/0! | O24: =SUM(P24:R24) -> 0 | S24: =IF(AND($L24="全額控除"),ROUNDDOWN($P24*(8/108),0))+ROUNDDOWN($Q24*(10/110),0) -> 0 | T24: =U24+AA24 -> 0 | U24: =SUM(V24:Z24) -> 0 | AB24: =IF($L24="個別対応方式",ROUNDDOWN((V24*(8/108)),0)+ROUNDDOWN((W24*(10/110)),0)+ROUNDDOWN((Y24*(8/108)*(M24/N24)),0)+ROUNDDOWN((Z24*(10/110)*(M24/N24)),0)) -> FALSE | AC24: =SUM(AD24:AF24) -> 0 | AG24: =IF(AND($L24="一括比例配分方式"),ROUNDDOWN(($AD24*(8/108)*(M24/N24)),0))+ROUNDDOWN(($AE24*(10/110)*(M24/N24)),0) -> #DIV/0! | AI24: =I26 -> 0 | AT24: =K24 -> #DIV/0! | AU24: =IFERROR(ROUNDUP(($K24*(AJ24/$AI24)),0),"") | AV24: =IFERROR(ROUNDUP(($K24*(AK24/$AI24)),0),"") | AW24: =IFERROR(ROUNDUP(($K24*(AL24/$AI24)),0),"") | AX24: =IFERROR(ROUNDUP(($K24*(AM24/$AI24)),0),"") | AY24: =IFERROR(ROUNDUP(($K24*(AN24/$AI24)),0),"") | AZ24: =IFERROR(ROUNDUP(($K24*(AO24/$AI24)),0),"") | BA24: =IFERROR(ROUNDUP(($K24*(AP24/$AI24)),0),"") | BB24: =IFERROR(ROUNDUP(($K24*(AQ24/$AI24)),0),"") | BC24: =AT24-(SUM(AU24:BB24)) -> #DIV/0!
... K62: =S62+AB62+AG62 -> #DIV/0! | O62: =SUM(P62:R62) -> 0 | S62: =IF(AND($L62="全額控除"),ROUNDDOWN($P62*(8/108),0))+ROUNDDOWN($Q62*(10/110),0) -> 0 | T62: =U62+AA62 -> 0 | U62: =SUM(V62:Z62) -> 0 | AB62: =IF($L62="個別対応方式",ROUNDDOWN((V62*(8/108)),0)+ROUNDDOWN((W62*(10/110)),0)+ROUNDDOWN((Y62*(8/108)*(M62/N62)),0)+ROUNDDOWN((Z62*(10/110)*(M62/N62)),0)) -> FALSE | AC62: =SUM(AD62:AF62) -> 0 | AG62: =IF(AND($L62="一括比例配分方式"),ROUNDDOWN(($AD62*(8/108)*(M62/N62)),0))+ROUNDDOWN(($AE62*(10/110)*(M62/N62)),0) -> #DIV/0! | AI62: =I64 -> 0 | AT62: =K62 -> #DIV/0! | AU62: =IFERROR(ROUNDUP(($K62*(AJ62/$AI62)),0),"") | AV62: =IFERROR(ROUNDUP(($K62*(AK62/$AI62)),0),"") | AW62: =IFERROR(ROUNDUP(($K62*(AL62/$AI62)),0),"") | AX62: =IFERROR(ROUNDUP(($K62*(AM62/$AI62)),0),"") | AY62: =IFERROR(ROUNDUP(($K62*(AN62/$AI62)),0),"") | AZ62: =IFERROR(ROUNDUP(($K62*(AO62/$AI62)),0),"") | BA62: =IFERROR(ROUNDUP(($K62*(AP62/$AI62)),0),"") | BB62: =IFERROR(ROUNDUP(($K62*(AQ62/$AI62)),0),"") | BC62: =AT62-(SUM(AU62:BB62)) -> #DIV/0!
K63: =S63+AB63+AG63 -> #DIV/0! | O63: =SUM(P63:R63) -> 0 | S63: =IF(AND($L63="全額控除"),ROUNDDOWN($P63*(8/108),0))+ROUNDDOWN($Q63*(10/110),0) -> 0 | T63: =U63+AA63 -> 0 | U63: =SUM(V63:Z63) -> 0 | AB63: =IF($L63="個別対応方式",ROUNDDOWN((V63*(8/108)),0)+ROUNDDOWN((W63*(10/110)),0)+ROUNDDOWN((Y63*(8/108)*(M63/N63)),0)+ROUNDDOWN((Z63*(10/110)*(M63/N63)),0)) -> FALSE | AC63: =SUM(AD63:AF63) -> 0 | AG63: =IF(AND($L63="一括比例配分方式"),ROUNDDOWN(($AD63*(8/108)*(M63/N63)),0))+ROUNDDOWN(($AE63*(10/110)*(M63/N63)),0) -> #DIV/0! | AI63: =#REF! -> #REF! | AT63: =K63 -> #DIV/0! | AU63: =IFERROR(ROUNDUP(($K63*(AJ63/$AI63)),0),"") | AV63: =IFERROR(ROUNDUP(($K63*(AK63/$AI63)),0),"") | AW63: =IFERROR(ROUNDUP(($K63*(AL63/$AI63)),0),"") | AX63: =IFERROR(ROUNDUP(($K63*(AM63/$AI63)),0),"") | AY63: =IFERROR(ROUNDUP(($K63*(AN63/$AI63)),0),"") | AZ63: =IFERROR(ROUNDUP(($K63*(AO63/$AI63)),0),"") | BA63: =IFERROR(ROUNDUP(($K63*(AP63/$AI63)),0),"") | BB63: =IFERROR(ROUNDUP(($K63*(AQ63/$AI63)),0),"") | BC63: =AT63-(SUM(AU63:BB63)) -> #DIV/0!
K64: =S64+AB64+AG64 -> #DIV/0! | O64: =SUM(P64:R64) -> 0 | S64: =IF(AND($L64="全額控除"),ROUNDDOWN($P64*(8/108),0))+ROUNDDOWN($Q64*(10/110),0) -> 0 | T64: =U64+AA64 -> 0 | U64: =SUM(V64:Z64) -> 0 | AB64: =IF($L64="個別対応方式",ROUNDDOWN((V64*(8/108)),0)+ROUNDDOWN((W64*(10/110)),0)+ROUNDDOWN((Y64*(8/108)*(M64/N64)),0)+ROUNDDOWN((Z64*(10/110)*(M64/N64)),0)) -> FALSE | AC64: =SUM(AD64:AF64) -> 0 | AG64: =IF(AND($L64="一括比例配分方式"),ROUNDDOWN(($AD64*(8/108)*(M64/N64)),0))+ROUNDDOWN(($AE64*(10/110)*(M64/N64)),0) -> #DIV/0! | AI64: =#REF! -> #REF! | AT64: =K64 -> #DIV/0! | AU64: =IFERROR(ROUNDUP(($K64*(AJ64/$AI64)),0),"") | AV64: =IFERROR(ROUNDUP(($K64*(AK64/$AI64)),0),"") | AW64: =IFERROR(ROUNDUP(($K64*(AL64/$AI64)),0),"") | AX64: =IFERROR(ROUNDUP(($K64*(AM64/$AI64)),0),"") | AY64: =IFERROR(ROUNDUP(($K64*(AN64/$AI64)),0),"") | AZ64: =IFERROR(ROUNDUP(($K64*(AO64/$AI64)),0),"") | BA64: =IFERROR(ROUNDUP(($K64*(AP64/$AI64)),0),"") | BB64: =IFERROR(ROUNDUP(($K64*(AQ64/$AI64)),0),"") | BC64: =AT64-(SUM(AU64:BB64)) -> #DIV/0!
K65: =S65+AB65+AG65 -> #DIV/0! | O65: =SUM(P65:R65) -> 0 | S65: =IF(AND($L65="全額控除"),ROUNDDOWN($P65*(8/108),0))+ROUNDDOWN($Q65*(10/110),0) -> 0 | T65: =U65+AA65 -> 0 | U65: =SUM(V65:Z65) -> 0 | AB65: =IF($L65="個別対応方式",ROUNDDOWN((V65*(8/108)),0)+ROUNDDOWN((W65*(10/110)),0)+ROUNDDOWN((Y65*(8/108)*(M65/N65)),0)+ROUNDDOWN((Z65*(10/110)*(M65/N65)),0)) -> FALSE | AC65: =SUM(AD65:AF65) -> 0 | AG65: =IF(AND($L65="一括比例配分方式"),ROUNDDOWN(($AD65*(8/108)*(M65/N65)),0))+ROUNDDOWN(($AE65*(10/110)*(M65/N65)),0) -> #DIV/0! | AI65: =I67 -> 0 | AT65: =K65 -> #DIV/0! | AU65: =IFERROR(ROUNDUP(($K65*(AJ65/$AI65)),0),"") | AV65: =IFERROR(ROUNDUP(($K65*(AK65/$AI65)),0),"") | AW65: =IFERROR(ROUNDUP(($K65*(AL65/$AI65)),0),"") | AX65: =IFERROR(ROUNDUP(($K65*(AM65/$AI65)),0),"") | AY65: =IFERROR(ROUNDUP(($K65*(AN65/$AI65)),0),"") | AZ65: =IFERROR(ROUNDUP(($K65*(AO65/$AI65)),0),"") | BA65: =IFERROR(ROUNDUP(($K65*(AP65/$AI65)),0),"") | BB65: =IFERROR(ROUNDUP(($K65*(AQ65/$AI65)),0),"") | BC65: =AT65-(SUM(AU65:BB65)) -> #DIV/0!
K66: =S66+AB66+AG66 -> #DIV/0! | O66: =SUM(P66:R66) -> 0 | S66: =IF(AND($L66="全額控除"),ROUNDDOWN($P66*(8/108),0))+ROUNDDOWN($Q66*(10/110),0) -> 0 | T66: =U66+AA66 -> 0 | U66: =SUM(V66:Z66) -> 0 | AB66: =IF($L66="個別対応方式",ROUNDDOWN((V66*(8/108)),0)+ROUNDDOWN((W66*(10/110)),0)+ROUNDDOWN((Y66*(8/108)*(M66/N66)),0)+ROUNDDOWN((Z66*(10/110)*(M66/N66)),0)) -> FALSE | AC66: =SUM(AD66:AF66) -> 0 | AG66: =IF(AND($L66="一括比例配分方式"),ROUNDDOWN(($AD66*(8/108)*(M66/N66)),0))+ROUNDDOWN(($AE66*(10/110)*(M66/N66)),0) -> #DIV/0! | AI66: =I68 -> 0 | AT66: =K66 -> #DIV/0! | AU66: =IFERROR(ROUNDUP(($K66*(AJ66/$AI66)),0),"") | AV66: =IFERROR(ROUNDUP(($K66*(AK66/$AI66)),0),"") | AW66: =IFERROR(ROUNDUP(($K66*(AL66/$AI66)),0),"") | AX66: =IFERROR(ROUNDUP(($K66*(AM66/$AI66)),0),"") | AY66: =IFERROR(ROUNDUP(($K66*(AN66/$AI66)),0),"") | AZ66: =IFERROR(ROUNDUP(($K66*(AO66/$AI66)),0),"") | BA66: =IFERROR(ROUNDUP(($K66*(AP66/$AI66)),0),"") | BB66: =IFERROR(ROUNDUP(($K66*(AQ66/$AI66)),0),"") | BC66: =AT66-(SUM(AU66:BB66)) -> #DIV/0!
K67: =S67+AB67+AG67 -> #DIV/0! | O67: =SUM(P67:R67) -> 0 | S67: =IF(AND($L67="全額控除"),ROUNDDOWN($P67*(8/108),0))+ROUNDDOWN($Q67*(10/110),0) -> 0 | T67: =U67+AA67 -> 0 | U67: =SUM(V67:Z67) -> 0 | AB67: =IF($L67="個別対応方式",ROUNDDOWN((V67*(8/108)),0)+ROUNDDOWN((W67*(10/110)),0)+ROUNDDOWN((Y67*(8/108)*(M67/N67)),0)+ROUNDDOWN((Z67*(10/110)*(M67/N67)),0)) -> FALSE | AC67: =SUM(AD67:AF67) -> 0 | AG67: =IF(AND($L67="一括比例配分方式"),ROUNDDOWN(($AD67*(8/108)*(M67/N67)),0))+ROUNDDOWN(($AE67*(10/110)*(M67/N67)),0) -> #DIV/0! | AI67: =I69 -> 0 | AT67: =K67 -> #DIV/0! | AU67: =IFERROR(ROUNDUP(($K67*(AJ67/$AI67)),0),"") | AV67: =IFERROR(ROUNDUP(($K67*(AK67/$AI67)),0),"") | AW67: =IFERROR(ROUNDUP(($K67*(AL67/$AI67)),0),"") | AX67: =IFERROR(ROUNDUP(($K67*(AM67/$AI67)),0),"") | AY67: =IFERROR(ROUNDUP(($K67*(AN67/$AI67)),0),"") | AZ67: =IFERROR(ROUNDUP(($K67*(AO67/$AI67)),0),"") | BA67: =IFERROR(ROUNDUP(($K67*(AP67/$AI67)),0),"") | BB67: =IFERROR(ROUNDUP(($K67*(AQ67/$AI67)),0),"") | BC67: =AT67-(SUM(AU67:BB67)) -> #DIV/0!
K68: =S68+AB68+AG68 -> #DIV/0! | O68: =SUM(P68:R68) -> 0 | S68: =IF(AND($L68="全額控除"),ROUNDDOWN($P68*(8/108),0))+ROUNDDOWN($Q68*(10/110),0) -> 0 | T68: =U68+AA68 -> 0 | U68: =SUM(V68:Z68) -> 0 | AB68: =IF($L68="個別対応方式",ROUNDDOWN((V68*(8/108)),0)+ROUNDDOWN((W68*(10/110)),0)+ROUNDDOWN((Y68*(8/108)*(M68/N68)),0)+ROUNDDOWN((Z68*(10/110)*(M68/N68)),0)) -> FALSE | AC68: =SUM(AD68:AF68) -> 0 | AG68: =IF(AND($L68="一括比例配分方式"),ROUNDDOWN(($AD68*(8/108)*(M68/N68)),0))+ROUNDDOWN(($AE68*(10/110)*(M68/N68)),0) -> #DIV/0! | AI68: =I70 -> 0 | AT68: =K68 -> #DIV/0! | AU68: =IFERROR(ROUNDUP(($K68*(AJ68/$AI68)),0),"") | AV68: =IFERROR(ROUNDUP(($K68*(AK68/$AI68)),0),"") | AW68: =IFERROR(ROUNDUP(($K68*(AL68/$AI68)),0),"") | AX68: =IFERROR(ROUNDUP(($K68*(AM68/$AI68)),0),"") | AY68: =IFERROR(ROUNDUP(($K68*(AN68/$AI68)),0),"") | AZ68: =IFERROR(ROUNDUP(($K68*(AO68/$AI68)),0),"") | BA68: =IFERROR(ROUNDUP(($K68*(AP68/$AI68)),0),"") | BB68: =IFERROR(ROUNDUP(($K68*(AQ68/$AI68)),0),"") | BC68: =AT68-(SUM(AU68:BB68)) -> #DIV/0!
K69: =S69+AB69+AG69 -> #DIV/0! | O69: =SUM(P69:R69) -> 0 | S69: =IF(AND($L69="全額控除"),ROUNDDOWN($P69*(8/108),0))+ROUNDDOWN($Q69*(10/110),0) -> 0 | T69: =U69+AA69 -> 0 | U69: =SUM(V69:Z69) -> 0 | AB69: =IF($L69="個別対応方式",ROUNDDOWN((V69*(8/108)),0)+ROUNDDOWN((W69*(10/110)),0)+ROUNDDOWN((Y69*(8/108)*(M69/N69)),0)+ROUNDDOWN((Z69*(10/110)*(M69/N69)),0)) -> FALSE | AC69: =SUM(AD69:AF69) -> 0 | AG69: =IF(AND($L69="一括比例配分方式"),ROUNDDOWN(($AD69*(8/108)*(M69/N69)),0))+ROUNDDOWN(($AE69*(10/110)*(M69/N69)),0) -> #DIV/0! | AI69: =I71 -> 0 | AT69: =K69 -> #DIV/0! | AU69: =IFERROR(ROUNDUP(($K69*(AJ69/$AI69)),0),"") | AV69: =IFERROR(ROUNDUP(($K69*(AK69/$AI69)),0),"") | AW69: =IFERROR(ROUNDUP(($K69*(AL69/$AI69)),0),"") | AX69: =IFERROR(ROUNDUP(($K69*(AM69/$AI69)),0),"") | AY69: =IFERROR(ROUNDUP(($K69*(AN69/$AI69)),0),"") | AZ69: =IFERROR(ROUNDUP(($K69*(AO69/$AI69)),0),"") | BA69: =IFERROR(ROUNDUP(($K69*(AP69/$AI69)),0),"") | BB69: =IFERROR(ROUNDUP(($K69*(AQ69/$AI69)),0),"") | BC69: =AT69-(SUM(AU69:BB69)) -> #DIV/0!
K70: =S70+AB70+AG70 -> #DIV/0! | O70: =SUM(P70:R70) -> 0 | S70: =IF(AND($L70="全額控除"),ROUNDDOWN($P70*(8/108),0))+ROUNDDOWN($Q70*(10/110),0) -> 0 | T70: =U70+AA70 -> 0 | U70: =SUM(V70:Z70) -> 0 | AB70: =IF($L70="個別対応方式",ROUNDDOWN((V70*(8/108)),0)+ROUNDDOWN((W70*(10/110)),0)+ROUNDDOWN((Y70*(8/108)*(M70/N70)),0)+ROUNDDOWN((Z70*(10/110)*(M70/N70)),0)) -> FALSE | AC70: =SUM(AD70:AF70) -> 0 | AG70: =IF(AND($L70="一括比例配分方式"),ROUNDDOWN(($AD70*(8/108)*(M70/N70)),0))+ROUNDDOWN(($AE70*(10/110)*(M70/N70)),0) -> #DIV/0! | AI70: =I72 -> 0 | AT70: =K70 -> #DIV/0! | AU70: =IFERROR(ROUNDUP(($K70*(AJ70/$AI70)),0),"") | AV70: =IFERROR(ROUNDUP(($K70*(AK70/$AI70)),0),"") | AW70: =IFERROR(ROUNDUP(($K70*(AL70/$AI70)),0),"") | AX70: =IFERROR(ROUNDUP(($K70*(AM70/$AI70)),0),"") | AY70: =IFERROR(ROUNDUP(($K70*(AN70/$AI70)),0),"") | AZ70: =IFERROR(ROUNDUP(($K70*(AO70/$AI70)),0),"") | BA70: =IFERROR(ROUNDUP(($K70*(AP70/$AI70)),0),"") | BB70: =IFERROR(ROUNDUP(($K70*(AQ70/$AI70)),0),"") | BC70: =AT70-(SUM(AU70:BB70)) -> #DIV/0!
K71: =S71+AB71+AG71 -> #DIV/0! | O71: =SUM(P71:R71) -> 0 | S71: =IF(AND($L71="全額控除"),ROUNDDOWN($P71*(8/108),0))+ROUNDDOWN($Q71*(10/110),0) -> 0 | T71: =U71+AA71 -> 0 | U71: =SUM(V71:Z71) -> 0 | AB71: =IF($L71="個別対応方式",ROUNDDOWN((V71*(8/108)),0)+ROUNDDOWN((W71*(10/110)),0)+ROUNDDOWN((Y71*(8/108)*(M71/N71)),0)+ROUNDDOWN((Z71*(10/110)*(M71/N71)),0)) -> FALSE | AC71: =SUM(AD71:AF71) -> 0 | AG71: =IF(AND($L71="一括比例配分方式"),ROUNDDOWN(($AD71*(8/108)*(M71/N71)),0))+ROUNDDOWN(($AE71*(10/110)*(M71/N71)),0) -> #DIV/0! | AI71: =I73 -> 0 | AT71: =K71 -> #DIV/0! | AU71: =IFERROR(ROUNDUP(($K71*(AJ71/$AI71)),0),"") | AV71: =IFERROR(ROUNDUP(($K71*(AK71/$AI71)),0),"") | AW71: =IFERROR(ROUNDUP(($K71*(AL71/$AI71)),0),"") | AX71: =IFERROR(ROUNDUP(($K71*(AM71/$AI71)),0),"") | AY71: =IFERROR(ROUNDUP(($K71*(AN71/$AI71)),0),"") | AZ71: =IFERROR(ROUNDUP(($K71*(AO71/$AI71)),0),"") | BA71: =IFERROR(ROUNDUP(($K71*(AP71/$AI71)),0),"") | BB71: =IFERROR(ROUNDUP(($K71*(AQ71/$AI71)),0),"") | BC71: =AT71-(SUM(AU71:BB71)) -> #DIV/0!
K72: =S72+AB72+AG72 -> #DIV/0! | O72: =SUM(P72:R72) -> 0 | S72: =IF(AND($L72="全額控除"),ROUNDDOWN($P72*(8/108),0))+ROUNDDOWN($Q72*(10/110),0) -> 0 | T72: =U72+AA72 -> 0 | U72: =SUM(V72:Z72) -> 0 | AB72: =IF($L72="個別対応方式",ROUNDDOWN((V72*(8/108)),0)+ROUNDDOWN((W72*(10/110)),0)+ROUNDDOWN((Y72*(8/108)*(M72/N72)),0)+ROUNDDOWN((Z72*(10/110)*(M72/N72)),0)) -> FALSE | AC72: =SUM(AD72:AF72) -> 0 | AG72: =IF(AND($L72="一括比例配分方式"),ROUNDDOWN(($AD72*(8/108)*(M72/N72)),0))+ROUNDDOWN(($AE72*(10/110)*(M72/N72)),0) -> #DIV/0! | AI72: =I74 -> 0 | AT72: =K72 -> #DIV/0! | AU72: =IFERROR(ROUNDUP(($K72*(AJ72/$AI72)),0),"") | AV72: =IFERROR(ROUNDUP(($K72*(AK72/$AI72)),0),"") | AW72: =IFERROR(ROUNDUP(($K72*(AL72/$AI72)),0),"") | AX72: =IFERROR(ROUNDUP(($K72*(AM72/$AI72)),0),"") | AY72: =IFERROR(ROUNDUP(($K72*(AN72/$AI72)),0),"") | AZ72: =IFERROR(ROUNDUP(($K72*(AO72/$AI72)),0),"") | BA72: =IFERROR(ROUNDUP(($K72*(AP72/$AI72)),0),"") | BB72: =IFERROR(ROUNDUP(($K72*(AQ72/$AI72)),0),"") | BC72: =AT72-(SUM(AU72:BB72)) -> #DIV/0!
K73: =S73+AB73+AG73 -> #DIV/0! | O73: =SUM(P73:R73) -> 0 | S73: =IF(AND($L73="全額控除"),ROUNDDOWN($P73*(8/108),0))+ROUNDDOWN($Q73*(10/110),0) -> 0 | T73: =U73+AA73 -> 0 | U73: =SUM(V73:Z73) -> 0 | AB73: =IF($L73="個別対応方式",ROUNDDOWN((V73*(8/108)),0)+ROUNDDOWN((W73*(10/110)),0)+ROUNDDOWN((Y73*(8/108)*(M73/N73)),0)+ROUNDDOWN((Z73*(10/110)*(M73/N73)),0)) -> FALSE | AC73: =SUM(AD73:AF73) -> 0 | AG73: =IF(AND($L73="一括比例配分方式"),ROUNDDOWN(($AD73*(8/108)*(M73/N73)),0))+ROUNDDOWN(($AE73*(10/110)*(M73/N73)),0) -> #DIV/0! | AI73: =I75 -> 0 | AT73: =K73 -> #DIV/0! | AU73: =IFERROR(ROUNDUP(($K73*(AJ73/$AI73)),0),"") | AV73: =IFERROR(ROUNDUP(($K73*(AK73/$AI73)),0),"") | AW73: =IFERROR(ROUNDUP(($K73*(AL73/$AI73)),0),"") | AX73: =IFERROR(ROUNDUP(($K73*(AM73/$AI73)),0),"") | AY73: =IFERROR(ROUNDUP(($K73*(AN73/$AI73)),0),"") | AZ73: =IFERROR(ROUNDUP(($K73*(AO73/$AI73)),0),"") | BA73: =IFERROR(ROUNDUP(($K73*(AP73/$AI73)),0),"") | BB73: =IFERROR(ROUNDUP(($K73*(AQ73/$AI73)),0),"") | BC73: =AT73-(SUM(AU73:BB73)) -> #DIV/0!
K74: =S74+AB74+AG74 -> #DIV/0! | O74: =SUM(P74:R74) -> 0 | S74: =IF(AND($L74="全額控除"),ROUNDDOWN($P74*(8/108),0))+ROUNDDOWN($Q74*(10/110),0) -> 0 | T74: =U74+AA74 -> 0 | U74: =SUM(V74:Z74) -> 0 | AB74: =IF($L74="個別対応方式",ROUNDDOWN((V74*(8/108)),0)+ROUNDDOWN((W74*(10/110)),0)+ROUNDDOWN((Y74*(8/108)*(M74/N74)),0)+ROUNDDOWN((Z74*(10/110)*(M74/N74)),0)) -> FALSE | AC74: =SUM(AD74:AF74) -> 0 | AG74: =IF(AND($L74="一括比例配分方式"),ROUNDDOWN(($AD74*(8/108)*(M77/N74)),0))+ROUNDDOWN(($AE74*(10/110)*(M77/N74)),0) -> #DIV/0! | AI74: =I76 -> 0 | AT74: =K74 -> #DIV/0! | AU74: =IFERROR(ROUNDUP(($K74*(AJ74/$AI74)),0),"") | AV74: =IFERROR(ROUNDUP(($K74*(AK74/$AI74)),0),"") | AW74: =IFERROR(ROUNDUP(($K74*(AL74/$AI74)),0),"") | AX74: =IFERROR(ROUNDUP(($K74*(AM74/$AI74)),0),"") | AY74: =IFERROR(ROUNDUP(($K74*(AN74/$AI74)),0),"") | AZ74: =IFERROR(ROUNDUP(($K74*(AO74/$AI74)),0),"") | BA74: =IFERROR(ROUNDUP(($K74*(AP74/$AI74)),0),"") | BB74: =IFERROR(ROUNDUP(($K74*(AQ74/$AI74)),0),"") | BC74: =AT74-(SUM(AU74:BB74)) -> #DIV/0!
K75: =S75+AB75+AG75 -> #DIV/0! | O75: =SUM(P75:R75) -> 0 | S75: =IF(AND($L75="全額控除"),ROUNDDOWN($P75*(8/108),0))+ROUNDDOWN($Q75*(10/110),0) -> 0 | T75: =U75+AA75 -> 0 | U75: =SUM(V75:Z75) -> 0 | AB75: =IF($L75="個別対応方式",ROUNDDOWN((V75*(8/108)),0)+ROUNDDOWN((W75*(10/110)),0)+ROUNDDOWN((Y75*(8/108)*(M75/N75)),0)+ROUNDDOWN((Z75*(10/110)*(M75/N75)),0)) -> FALSE | AC75: =SUM(AD75:AF75) -> 0 | AG75: =IF(AND($L75="一括比例配分方式"),ROUNDDOWN(($AD75*(8/108)*(M75/N75)),0))+ROUNDDOWN(($AE75*(10/110)*(M75/N75)),0) -> #DIV/0! | AI75: =I77 -> 0 | AT75: =K75 -> #DIV/0! | AU75: =IFERROR(ROUNDUP(($K75*(AJ75/$AI75)),0),"") | AV75: =IFERROR(ROUNDUP(($K75*(AK75/$AI75)),0),"") | AW75: =IFERROR(ROUNDUP(($K75*(AL75/$AI75)),0),"") | AX75: =IFERROR(ROUNDUP(($K75*(AM75/$AI75)),0),"") | AY75: =IFERROR(ROUNDUP(($K75*(AN75/$AI75)),0),"") | AZ75: =IFERROR(ROUNDUP(($K75*(AO75/$AI75)),0),"") | BA75: =IFERROR(ROUNDUP(($K75*(AP75/$AI75)),0),"") | BB75: =IFERROR(ROUNDUP(($K75*(AQ75/$AI75)),0),"") | BC75: =AT75-(SUM(AU75:BB75)) -> #DIV/0!
K76: =S76+AB76+AG76 -> #DIV/0! | O76: =SUM(P76:R76) -> 0 | S76: =IF(AND($L76="全額控除"),ROUNDDOWN($P76*(8/108),0))+ROUNDDOWN($Q76*(10/110),0) -> 0 | T76: =U76+AA76 -> 0 | U76: =SUM(V76:Z76) -> 0 | AB76: =IF($L76="個別対応方式",ROUNDDOWN((V76*(8/108)),0)+ROUNDDOWN((W76*(10/110)),0)+ROUNDDOWN((Y76*(8/108)*(M76/N76)),0)+ROUNDDOWN((Z76*(10/110)*(M76/N76)),0)) -> FALSE | AC76: =SUM(AD76:AF76) -> 0 | AG76: =IF(AND($L76="一括比例配分方式"),ROUNDDOWN(($AD76*(8/108)*(M76/N76)),0))+ROUNDDOWN(($AE76*(10/110)*(M76/N76)),0) -> #DIV/0! | AI76: =I78 -> 0 | AT76: =K76 -> #DIV/0! | AU76: =IFERROR(ROUNDUP(($K76*(AJ76/$AI76)),0),"") | AV76: =IFERROR(ROUNDUP(($K76*(AK76/$AI76)),0),"") | AW76: =IFERROR(ROUNDUP(($K76*(AL76/$AI76)),0),"") | AX76: =IFERROR(ROUNDUP(($K76*(AM76/$AI76)),0),"") | AY76: =IFERROR(ROUNDUP(($K76*(AN76/$AI76)),0),"") | AZ76: =IFERROR(ROUNDUP(($K76*(AO76/$AI76)),0),"") | BA76: =IFERROR(ROUNDUP(($K76*(AP76/$AI76)),0),"") | BB76: =IFERROR(ROUNDUP(($K76*(AQ76/$AI76)),0),"") | BC76: =AT76-(SUM(AU76:BB76)) -> #DIV/0!
K77: =S77+AB77+AG77 -> #DIV/0! | O77: =SUM(P77:R77) -> 0 | S77: =IF(AND($L77="全額控除"),ROUNDDOWN($P77*(8/108),0))+ROUNDDOWN($Q77*(10/110),0) -> 0 | T77: =U77+AA77 -> 0 | U77: =SUM(V77:Z77) -> 0 | AB77: =IF($L77="個別対応方式",ROUNDDOWN((V77*(8/108)),0)+ROUNDDOWN((W77*(10/110)),0)+ROUNDDOWN((Y77*(8/108)*(M77/N77)),0)+ROUNDDOWN((Z77*(10/110)*(M77/N77)),0)) -> FALSE | AC77: =SUM(AD77:AF77) -> 0 | AG77: =IF(AND($L77="一括比例配分方式"),ROUNDDOWN(($AD77*(8/108)*(M77/N77)),0))+ROUNDDOWN(($AE77*(10/110)*(M77/N77)),0) -> #DIV/0! | AI77: =I79 -> 0 | AT77: =K77 -> #DIV/0! | AU77: =IFERROR(ROUNDUP(($K77*(AJ77/$AI77)),0),"") | AV77: =IFERROR(ROUNDUP(($K77*(AK77/$AI77)),0),"") | AW77: =IFERROR(ROUNDUP(($K77*(AL77/$AI77)),0),"") | AX77: =IFERROR(ROUNDUP(($K77*(AM77/$AI77)),0),"") | AY77: =IFERROR(ROUNDUP(($K77*(AN77/$AI77)),0),"") | AZ77: =IFERROR(ROUNDUP(($K77*(AO77/$AI77)),0),"") | BA77: =IFERROR(ROUNDUP(($K77*(AP77/$AI77)),0),"") | BB77: =IFERROR(ROUNDUP(($K77*(AQ77/$AI77)),0),"") | BC77: =AT77-(SUM(AU77:BB77)) -> #DIV/0!
K78: =S78+AB78+AG78 -> #DIV/0! | O78: =SUM(P78:R78) -> 0 | S78: =IF(AND($L78="全額控除"),ROUNDDOWN($P78*(8/108),0))+ROUNDDOWN($Q78*(10/110),0) -> 0 | T78: =U78+AA78 -> 0 | U78: =SUM(V78:Z78) -> 0 | AB78: =IF($L78="個別対応方式",ROUNDDOWN((V78*(8/108)),0)+ROUNDDOWN((W78*(10/110)),0)+ROUNDDOWN((Y78*(8/108)*(M78/N78)),0)+ROUNDDOWN((Z78*(10/110)*(M78/N78)),0)) -> FALSE | AC78: =SUM(AD78:AF78) -> 0 | AG78: =IF(AND($L78="一括比例配分方式"),ROUNDDOWN(($AD78*(8/108)*(M78/N78)),0))+ROUNDDOWN(($AE78*(10/110)*(M78/N78)),0) -> #DIV/0! | AI78: =I80 -> 0 | AT78: =K78 -> #DIV/0! | AU78: =IFERROR(ROUNDUP(($K78*(AJ78/$AI78)),0),"") | AV78: =IFERROR(ROUNDUP(($K78*(AK78/$AI78)),0),"") | AW78: =IFERROR(ROUNDUP(($K78*(AL78/$AI78)),0),"") | AX78: =IFERROR(ROUNDUP(($K78*(AM78/$AI78)),0),"") | AY78: =IFERROR(ROUNDUP(($K78*(AN78/$AI78)),0),"") | AZ78: =IFERROR(ROUNDUP(($K78*(AO78/$AI78)),0),"") | BA78: =IFERROR(ROUNDUP(($K78*(AP78/$AI78)),0),"") | BB78: =IFERROR(ROUNDUP(($K78*(AQ78/$AI78)),0),"") | BC78: =AT78-(SUM(AU78:BB78)) -> #DIV/0!
K79: =S79+AB79+AG79 -> #DIV/0! | O79: =SUM(P79:R79) -> 0 | S79: =IF(AND($L79="全額控除"),ROUNDDOWN($P79*(8/108),0))+ROUNDDOWN($Q79*(10/110),0) -> 0 | T79: =U79+AA79 -> 0 | U79: =SUM(V79:Z79) -> 0 | AB79: =IF($L79="個別対応方式",ROUNDDOWN((V79*(8/108)),0)+ROUNDDOWN((W79*(10/110)),0)+ROUNDDOWN((Y79*(8/108)*(M79/N79)),0)+ROUNDDOWN((Z79*(10/110)*(M79/N79)),0)) -> FALSE | AC79: =SUM(AD79:AF79) -> 0 | AG79: =IF(AND($L79="一括比例配分方式"),ROUNDDOWN(($AD79*(8/108)*(M79/N79)),0))+ROUNDDOWN(($AE79*(10/110)*(M79/N79)),0) -> #DIV/0! | AI79: =I81 -> 0 | AT79: =K79 -> #DIV/0! | AU79: =IFERROR(ROUNDUP(($K79*(AJ79/$AI79)),0),"") | AV79: =IFERROR(ROUNDUP(($K79*(AK79/$AI79)),0),"") | AW79: =IFERROR(ROUNDUP(($K79*(AL79/$AI79)),0),"") | AX79: =IFERROR(ROUNDUP(($K79*(AM79/$AI79)),0),"") | AY79: =IFERROR(ROUNDUP(($K79*(AN79/$AI79)),0),"") | AZ79: =IFERROR(ROUNDUP(($K79*(AO79/$AI79)),0),"") | BA79: =IFERROR(ROUNDUP(($K79*(AP79/$AI79)),0),"") | BB79: =IFERROR(ROUNDUP(($K79*(AQ79/$AI79)),0),"") | BC79: =AT79-(SUM(AU79:BB79)) -> #DIV/0!
K80: =S80+AB80+AG80 -> #DIV/0! | O80: =SUM(P80:R80) -> 0 | S80: =IF(AND($L80="全額控除"),ROUNDDOWN($P80*(8/108),0))+ROUNDDOWN($Q80*(10/110),0) -> 0 | T80: =U80+AA80 -> 0 | U80: =SUM(V80:Z80) -> 0 | AB80: =IF($L80="個別対応方式",ROUNDDOWN((V80*(8/108)),0)+ROUNDDOWN((W80*(10/110)),0)+ROUNDDOWN((Y80*(8/108)*(M80/N80)),0)+ROUNDDOWN((Z80*(10/110)*(M80/N80)),0)) -> FALSE | AC80: =SUM(AD80:AF80) -> 0 | AG80: =IF(AND($L80="一括比例配分方式"),ROUNDDOWN(($AD80*(8/108)*(M80/N80)),0))+ROUNDDOWN(($AE80*(10/110)*(M80/N80)),0) -> #DIV/0! | AI80: =#REF! -> #REF! | AT80: =K80 -> #DIV/0! | AU80: =IFERROR(ROUNDUP(($K80*(AJ80/$AI80)),0),"") | AV80: =IFERROR(ROUNDUP(($K80*(AK80/$AI80)),0),"") | AW80: =IFERROR(ROUNDUP(($K80*(AL80/$AI80)),0),"") | AX80: =IFERROR(ROUNDUP(($K80*(AM80/$AI80)),0),"") | AY80: =IFERROR(ROUNDUP(($K80*(AN80/$AI80)),0),"") | AZ80: =IFERROR(ROUNDUP(($K80*(AO80/$AI80)),0),"") | BA80: =IFERROR(ROUNDUP(($K80*(AP80/$AI80)),0),"") | BB80: =IFERROR(ROUNDUP(($K80*(AQ80/$AI80)),0),"") | BC80: =AT80-(SUM(AU80:BB80)) -> #DIV/0!
K81: =S81+AB81+AG81 -> #DIV/0! | O81: =SUM(P81:R81) -> 0 | S81: =IF(AND($L81="全額控除"),ROUNDDOWN($P81*(8/108),0))+ROUNDDOWN($Q81*(10/110),0) -> 0 | T81: =U81+AA81 -> 0 | U81: =SUM(V81:Z81) -> 0 | AB81: =IF($L81="個別対応方式",ROUNDDOWN((V81*(8/108)),0)+ROUNDDOWN((W81*(10/110)),0)+ROUNDDOWN((Y81*(8/108)*(M81/N81)),0)+ROUNDDOWN((Z81*(10/110)*(M81/N81)),0)) -> FALSE | AC81: =SUM(AD81:AF81) -> 0 | AG81: =IF(AND($L81="一括比例配分方式"),ROUNDDOWN(($AD81*(8/108)*(M81/N81)),0))+ROUNDDOWN(($AE81*(10/110)*(M81/N81)),0) -> #DIV/0! | AI81: =#REF! -> #REF! | AT81: =K81 -> #DIV/0! | AU81: =IFERROR(ROUNDUP(($K81*(AJ81/$AI81)),0),"") | AV81: =IFERROR(ROUNDUP(($K81*(AK81/$AI81)),0),"") | AW81: =IFERROR(ROUNDUP(($K81*(AL81/$AI81)),0),"") | AX81: =IFERROR(ROUNDUP(($K81*(AM81/$AI81)),0),"") | AY81: =IFERROR(ROUNDUP(($K81*(AN81/$AI81)),0),"") | AZ81: =IFERROR(ROUNDUP(($K81*(AO81/$AI81)),0),"") | BA81: =IFERROR(ROUNDUP(($K81*(AP81/$AI81)),0),"") | BB81: =IFERROR(ROUNDUP(($K81*(AQ81/$AI81)),0),"") | BC81: =AT81-(SUM(AU81:BB81)) -> #DIV/0!
K82: =S82+AB82+AG82 -> #DIV/0! | O82: =SUM(P82:R82) -> 0 | S82: =IF(AND($L82="全額控除"),ROUNDDOWN($P82*(8/108),0))+ROUNDDOWN($Q82*(10/110),0) -> 0 | T82: =U82+AA82 -> 0 | U82: =SUM(V82:Z82) -> 0 | AB82: =IF($L82="個別対応方式",ROUNDDOWN((V82*(8/108)),0)+ROUNDDOWN((W82*(10/110)),0)+ROUNDDOWN((Y82*(8/108)*(M82/N82)),0)+ROUNDDOWN((Z82*(10/110)*(M82/N82)),0)) -> FALSE | AC82: =SUM(AD82:AF82) -> 0 | AG82: =IF(AND($L82="一括比例配分方式"),ROUNDDOWN(($AD82*(8/108)*(M82/N82)),0))+ROUNDDOWN(($AE82*(10/110)*(M82/N82)),0) -> #DIV/0! | AI82: =I82 -> 0 | AT82: =K82 -> #DIV/0! | AU82: =IFERROR(ROUNDUP(($K82*(AJ82/$AI82)),0),"") | AV82: =IFERROR(ROUNDUP(($K82*(AK82/$AI82)),0),"") | AW82: =IFERROR(ROUNDUP(($K82*(AL82/$AI82)),0),"") | AX82: =IFERROR(ROUNDUP(($K82*(AM82/$AI82)),0),"") | AY82: =IFERROR(ROUNDUP(($K82*(AN82/$AI82)),0),"") | AZ82: =IFERROR(ROUNDUP(($K82*(AO82/$AI82)),0),"") | BA82: =IFERROR(ROUNDUP(($K82*(AP82/$AI82)),0),"") | BB82: =IFERROR(ROUNDUP(($K82*(AQ82/$AI82)),0),"") | BC82: =AT82-(SUM(AU82:BB82)) -> #DIV/0!
K83: =S83+AB83+AG83 -> #DIV/0! | O83: =SUM(P83:R83) -> 0 | S83: =IF(AND($L83="全額控除"),ROUNDDOWN($P83*(8/108),0))+ROUNDDOWN($Q83*(10/110),0) -> 0 | T83: =U83+AA83 -> 0 | U83: =SUM(V83:Z83) -> 0 | AB83: =IF($L83="個別対応方式",ROUNDDOWN((V83*(8/108)),0)+ROUNDDOWN((W83*(10/110)),0)+ROUNDDOWN((Y83*(8/108)*(M83/N83)),0)+ROUNDDOWN((Z83*(10/110)*(M83/N83)),0)) -> FALSE | AC83: =SUM(AD83:AF83) -> 0 | AG83: =IF(AND($L83="一括比例配分方式"),ROUNDDOWN(($AD83*(8/108)*(M83/N83)),0))+ROUNDDOWN(($AE83*(10/110)*(M83/N83)),0) -> #DIV/0! | AI83: =I83 -> 0 | AT83: =K83 -> #DIV/0! | AU83: =IFERROR(ROUNDUP(($K83*(AJ83/$AI83)),0),"") | AV83: =IFERROR(ROUNDUP(($K83*(AK83/$AI83)),0),"") | AW83: =IFERROR(ROUNDUP(($K83*(AL83/$AI83)),0),"") | AX83: =IFERROR(ROUNDUP(($K83*(AM83/$AI83)),0),"") | AY83: =IFERROR(ROUNDUP(($K83*(AN83/$AI83)),0),"") | AZ83: =IFERROR(ROUNDUP(($K83*(AO83/$AI83)),0),"") | BA83: =IFERROR(ROUNDUP(($K83*(AP83/$AI83)),0),"") | BB83: =IFERROR(ROUNDUP(($K83*(AQ83/$AI83)),0),"") | BC83: =AT83-(SUM(AU83:BB83)) -> #DIV/0!
K84: =S84+AB84+AG84 -> #DIV/0! | O84: =SUM(P84:R84) -> 0 | S84: =IF(AND($L84="全額控除"),ROUNDDOWN($P84*(8/108),0))+ROUNDDOWN($Q84*(10/110),0) -> 0 | T84: =U84+AA84 -> 0 | U84: =SUM(V84:Z84) -> 0 | AB84: =IF($L84="個別対応方式",ROUNDDOWN((V84*(8/108)),0)+ROUNDDOWN((W84*(10/110)),0)+ROUNDDOWN((Y84*(8/108)*(M84/N84)),0)+ROUNDDOWN((Z84*(10/110)*(M84/N84)),0)) -> FALSE | AC84: =SUM(AD84:AF84) -> 0 | AG84: =IF(AND($L84="一括比例配分方式"),ROUNDDOWN(($AD84*(8/108)*(M84/N84)),0))+ROUNDDOWN(($AE84*(10/110)*(M84/N84)),0) -> #DIV/0! | AI84: =I84 -> 0 | AT84: =K84 -> #DIV/0! | AU84: =IFERROR(ROUNDUP(($K84*(AJ84/$AI84)),0),"") | AV84: =IFERROR(ROUNDUP(($K84*(AK84/$AI84)),0),"") | AW84: =IFERROR(ROUNDUP(($K84*(AL84/$AI84)),0),"") | AX84: =IFERROR(ROUNDUP(($K84*(AM84/$AI84)),0),"") | AY84: =IFERROR(ROUNDUP(($K84*(AN84/$AI84)),0),"") | AZ84: =IFERROR(ROUNDUP(($K84*(AO84/$AI84)),0),"") | BA84: =IFERROR(ROUNDUP(($K84*(AP84/$AI84)),0),"") | BB84: =IFERROR(ROUNDUP(($K84*(AQ84/$AI84)),0),"") | BC84: =AT84-(SUM(AU84:BB84)) -> #DIV/0!
K85: =S85+AB85+AG85 -> #DIV/0! | O85: =SUM(P85:R85) -> 0 | S85: =IF(AND($L85="全額控除"),ROUNDDOWN($P85*(8/108),0))+ROUNDDOWN($Q85*(10/110),0) -> 0 | T85: =U85+AA85 -> 0 | U85: =SUM(V85:Z85) -> 0 | AB85: =IF($L85="個別対応方式",ROUNDDOWN((V85*(8/108)),0)+ROUNDDOWN((W85*(10/110)),0)+ROUNDDOWN((Y85*(8/108)*(M85/N85)),0)+ROUNDDOWN((Z85*(10/110)*(M85/N85)),0)) -> FALSE | AC85: =SUM(AD85:AF85) -> 0 | AG85: =IF(AND($L85="一括比例配分方式"),ROUNDDOWN(($AD85*(8/108)*(M85/N85)),0))+ROUNDDOWN(($AE85*(10/110)*(M85/N85)),0) -> #DIV/0! | AI85: =I85 -> 0 | AT85: =K85 -> #DIV/0! | AU85: =IFERROR(ROUNDUP(($K85*(AJ85/$AI85)),0),"") | AV85: =IFERROR(ROUNDUP(($K85*(AK85/$AI85)),0),"") | AW85: =IFERROR(ROUNDUP(($K85*(AL85/$AI85)),0),"") | AX85: =IFERROR(ROUNDUP(($K85*(AM85/$AI85)),0),"") | AY85: =IFERROR(ROUNDUP(($K85*(AN85/$AI85)),0),"") | AZ85: =IFERROR(ROUNDUP(($K85*(AO85/$AI85)),0),"") | BA85: =IFERROR(ROUNDUP(($K85*(AP85/$AI85)),0),"") | BB85: =IFERROR(ROUNDUP(($K85*(AQ85/$AI85)),0),"") | BC85: =AT85-(SUM(AU85:BB85)) -> #DIV/0!
K86: =S86+AB86+AG86 -> #DIV/0! | O86: =SUM(P86:R86) -> 0 | S86: =IF(AND($L86="全額控除"),ROUNDDOWN($P86*(8/108),0))+ROUNDDOWN($Q86*(10/110),0) -> 0 | T86: =U86+AA86 -> 0 | U86: =SUM(V86:Z86) -> 0 | AB86: =IF($L86="個別対応方式",ROUNDDOWN((V86*(8/108)),0)+ROUNDDOWN((W86*(10/110)),0)+ROUNDDOWN((Y86*(8/108)*(M86/N86)),0)+ROUNDDOWN((Z86*(10/110)*(M86/N86)),0)) -> FALSE | AC86: =SUM(AD86:AF86) -> 0 | AG86: =IF(AND($L86="一括比例配分方式"),ROUNDDOWN(($AD86*(8/108)*(M86/N86)),0))+ROUNDDOWN(($AE86*(10/110)*(M86/N86)),0) -> #DIV/0! | AI86: =I86 -> 0 | AT86: =K86 -> #DIV/0! | AU86: =IFERROR(ROUNDUP(($K86*(AJ86/$AI86)),0),"") | AV86: =IFERROR(ROUNDUP(($K86*(AK86/$AI86)),0),"") | AW86: =IFERROR(ROUNDUP(($K86*(AL86/$AI86)),0),"") | AX86: =IFERROR(ROUNDUP(($K86*(AM86/$AI86)),0),"") | AY86: =IFERROR(ROUNDUP(($K86*(AN86/$AI86)),0),"") | AZ86: =IFERROR(ROUNDUP(($K86*(AO86/$AI86)),0),"") | BA86: =IFERROR(ROUNDUP(($K86*(AP86/$AI86)),0),"") | BB86: =IFERROR(ROUNDUP(($K86*(AQ86/$AI86)),0),"") | BC86: =AT86-(SUM(AU86:BB86)) -> #DIV/0!
K87: =S87+AB87+AG87 -> #DIV/0! | O87: =SUM(P87:R87) -> 0 | S87: =IF(AND($L87="全額控除"),ROUNDDOWN($P87*(8/108),0))+ROUNDDOWN($Q87*(10/110),0) -> 0 | T87: =U87+AA87 -> 0 | U87: =SUM(V87:Z87) -> 0 | AB87: =IF($L87="個別対応方式",ROUNDDOWN((V87*(8/108)),0)+ROUNDDOWN((W87*(10/110)),0)+ROUNDDOWN((Y87*(8/108)*(M87/N87)),0)+ROUNDDOWN((Z87*(10/110)*(M87/N87)),0)) -> FALSE | AC87: =SUM(AD87:AF87) -> 0 | AG87: =IF(AND($L87="一括比例配分方式"),ROUNDDOWN(($AD87*(8/108)*(M87/N87)),0))+ROUNDDOWN(($AE87*(10/110)*(M87/N87)),0) -> #DIV/0! | AI87: =I87 -> 0 | AT87: =K87 -> #DIV/0! | AU87: =IFERROR(ROUNDUP(($K87*(AJ87/$AI87)),0),"") | AV87: =IFERROR(ROUNDUP(($K87*(AK87/$AI87)),0),"") | AW87: =IFERROR(ROUNDUP(($K87*(AL87/$AI87)),0),"") | AX87: =IFERROR(ROUNDUP(($K87*(AM87/$AI87)),0),"") | AY87: =IFERROR(ROUNDUP(($K87*(AN87/$AI87)),0),"") | AZ87: =IFERROR(ROUNDUP(($K87*(AO87/$AI87)),0),"") | BA87: =IFERROR(ROUNDUP(($K87*(AP87/$AI87)),0),"") | BB87: =IFERROR(ROUNDUP(($K87*(AQ87/$AI87)),0),"") | BC87: =AT87-(SUM(AU87:BB87)) -> #DIV/0!
K88: =S88+AB88+AG88 -> #DIV/0! | O88: =SUM(P88:R88) -> 0 | S88: =IF(AND($L88="全額控除"),ROUNDDOWN($P88*(8/108),0))+ROUNDDOWN($Q88*(10/110),0) -> 0 | T88: =U88+AA88 -> 0 | U88: =SUM(V88:Z88) -> 0 | AB88: =IF($L88="個別対応方式",ROUNDDOWN((V88*(8/108)),0)+ROUNDDOWN((W88*(10/110)),0)+ROUNDDOWN((Y88*(8/108)*(M88/N88)),0)+ROUNDDOWN((Z88*(10/110)*(M88/N88)),0)) -> FALSE | AC88: =SUM(AD88:AF88) -> 0 | AG88: =IF(AND($L88="一括比例配分方式"),ROUNDDOWN(($AD88*(8/108)*(M88/N88)),0))+ROUNDDOWN(($AE88*(10/110)*(M88/N88)),0) -> #DIV/0! | AI88: =I88 -> 0 | AT88: =K88 -> #DIV/0! | AU88: =IFERROR(ROUNDUP(($K88*(AJ88/$AI88)),0),"") | AV88: =IFERROR(ROUNDUP(($K88*(AK88/$AI88)),0),"") | AW88: =IFERROR(ROUNDUP(($K88*(AL88/$AI88)),0),"") | AX88: =IFERROR(ROUNDUP(($K88*(AM88/$AI88)),0),"") | AY88: =IFERROR(ROUNDUP(($K88*(AN88/$AI88)),0),"") | AZ88: =IFERROR(ROUNDUP(($K88*(AO88/$AI88)),0),"") | BA88: =IFERROR(ROUNDUP(($K88*(AP88/$AI88)),0),"") | BB88: =IFERROR(ROUNDUP(($K88*(AQ88/$AI88)),0),"") | BC88: =AT88-(SUM(AU88:BB88)) -> #DIV/0!
K89: =S89+AB89+AG89 -> #DIV/0! | O89: =SUM(P89:R89) -> 0 | S89: =IF(AND($L89="全額控除"),ROUNDDOWN($P89*(8/108),0))+ROUNDDOWN($Q89*(10/110),0) -> 0 | T89: =U89+AA89 -> 0 | U89: =SUM(V89:Z89) -> 0 | AB89: =IF($L89="個別対応方式",ROUNDDOWN((V89*(8/108)),0)+ROUNDDOWN((W89*(10/110)),0)+ROUNDDOWN((Y89*(8/108)*(M89/N89)),0)+ROUNDDOWN((Z89*(10/110)*(M89/N89)),0)) -> FALSE | AC89: =SUM(AD89:AF89) -> 0 | AG89: =IF(AND($L89="一括比例配分方式"),ROUNDDOWN(($AD89*(8/108)*(M89/N89)),0))+ROUNDDOWN(($AE89*(10/110)*(M89/N89)),0) -> #DIV/0! | AI89: =I89 -> 0 | AT89: =K89 -> #DIV/0! | AU89: =IFERROR(ROUNDUP(($K89*(AJ89/$AI89)),0),"") | AV89: =IFERROR(ROUNDUP(($K89*(AK89/$AI89)),0),"") | AW89: =IFERROR(ROUNDUP(($K89*(AL89/$AI89)),0),"") | AX89: =IFERROR(ROUNDUP(($K89*(AM89/$AI89)),0),"") | AY89: =IFERROR(ROUNDUP(($K89*(AN89/$AI89)),0),"") | AZ89: =IFERROR(ROUNDUP(($K89*(AO89/$AI89)),0),"") | BA89: =IFERROR(ROUNDUP(($K89*(AP89/$AI89)),0),"") | BB89: =IFERROR(ROUNDUP(($K89*(AQ89/$AI89)),0),"") | BC89: =AT89-(SUM(AU89:BB89)) -> #DIV/0!
K90: =S90+AB90+AG90 -> #DIV/0! | O90: =SUM(P90:R90) -> 0 | S90: =IF(AND($L90="全額控除"),ROUNDDOWN($P90*(8/108),0))+ROUNDDOWN($Q90*(10/110),0) -> 0 | T90: =U90+AA90 -> 0 | U90: =SUM(V90:Z90) -> 0 | AB90: =IF($L90="個別対応方式",ROUNDDOWN((V90*(8/108)),0)+ROUNDDOWN((W90*(10/110)),0)+ROUNDDOWN((Y90*(8/108)*(M90/N90)),0)+ROUNDDOWN((Z90*(10/110)*(M90/N90)),0)) -> FALSE | AC90: =SUM(AD90:AF90) -> 0 | AG90: =IF(AND($L90="一括比例配分方式"),ROUNDDOWN(($AD90*(8/108)*(M90/N90)),0))+ROUNDDOWN(($AE90*(10/110)*(M90/N90)),0) -> #DIV/0! | AI90: =I90 -> 0 | AT90: =K90 -> #DIV/0! | AU90: =IFERROR(ROUNDUP(($K90*(AJ90/$AI90)),0),"") | AV90: =IFERROR(ROUNDUP(($K90*(AK90/$AI90)),0),"") | AW90: =IFERROR(ROUNDUP(($K90*(AL90/$AI90)),0),"") | AX90: =IFERROR(ROUNDUP(($K90*(AM90/$AI90)),0),"") | AY90: =IFERROR(ROUNDUP(($K90*(AN90/$AI90)),0),"") | AZ90: =IFERROR(ROUNDUP(($K90*(AO90/$AI90)),0),"") | BA90: =IFERROR(ROUNDUP(($K90*(AP90/$AI90)),0),"") | BB90: =IFERROR(ROUNDUP(($K90*(AQ90/$AI90)),0),"") | BC90: =AT90-(SUM(AU90:BB90)) -> #DIV/0!
K91: =S91+AB91+AG91 -> #DIV/0! | O91: =SUM(P91:R91) -> 0 | S91: =IF(AND($L91="全額控除"),ROUNDDOWN($P91*(8/108),0))+ROUNDDOWN($Q91*(10/110),0) -> 0 | T91: =U91+AA91 -> 0 | U91: =SUM(V91:Z91) -> 0 | AB91: =IF($L91="個別対応方式",ROUNDDOWN((V91*(8/108)),0)+ROUNDDOWN((W91*(10/110)),0)+ROUNDDOWN((Y91*(8/108)*(M91/N91)),0)+ROUNDDOWN((Z91*(10/110)*(M91/N91)),0)) -> FALSE | AC91: =SUM(AD91:AF91) -> 0 | AG91: =IF(AND($L91="一括比例配分方式"),ROUNDDOWN(($AD91*(8/108)*(M91/N91)),0))+ROUNDDOWN(($AE91*(10/110)*(M91/N91)),0) -> #DIV/0! | AI91: =I91 -> 0 | AT91: =K91 -> #DIV/0! | AU91: =IFERROR(ROUNDUP(($K91*(AJ91/$AI91)),0),"") | AV91: =IFERROR(ROUNDUP(($K91*(AK91/$AI91)),0),"") | AW91: =IFERROR(ROUNDUP(($K91*(AL91/$AI91)),0),"") | AX91: =IFERROR(ROUNDUP(($K91*(AM91/$AI91)),0),"") | AY91: =IFERROR(ROUNDUP(($K91*(AN91/$AI91)),0),"") | AZ91: =IFERROR(ROUNDUP(($K91*(AO91/$AI91)),0),"") | BA91: =IFERROR(ROUNDUP(($K91*(AP91/$AI91)),0),"") | BB91: =IFERROR(ROUNDUP(($K91*(AQ91/$AI91)),0),"") | BC91: =AT91-(SUM(AU91:BB91)) -> #DIV/0!
K92: =S92+AB92+AG92 -> #DIV/0! | O92: =SUM(P92:R92) -> 0 | S92: =IF(AND($L92="全額控除"),ROUNDDOWN($P92*(8/108),0))+ROUNDDOWN($Q92*(10/110),0) -> 0 | T92: =U92+AA92 -> 0 | U92: =SUM(V92:Z92) -> 0 | AB92: =IF($L92="個別対応方式",ROUNDDOWN((V92*(8/108)),0)+ROUNDDOWN((W92*(10/110)),0)+ROUNDDOWN((Y92*(8/108)*(M92/N92)),0)+ROUNDDOWN((Z92*(10/110)*(M92/N92)),0)) -> FALSE | AC92: =SUM(AD92:AF92) -> 0 | AG92: =IF(AND($L92="一括比例配分方式"),ROUNDDOWN(($AD92*(8/108)*(M92/N92)),0))+ROUNDDOWN(($AE92*(10/110)*(M92/N92)),0) -> #DIV/0! | AI92: =I92 -> 0 | AT92: =K92 -> #DIV/0! | AU92: =IFERROR(ROUNDUP(($K92*(AJ92/$AI92)),0),"") | AV92: =IFERROR(ROUNDUP(($K92*(AK92/$AI92)),0),"") | AW92: =IFERROR(ROUNDUP(($K92*(AL92/$AI92)),0),"") | AX92: =IFERROR(ROUNDUP(($K92*(AM92/$AI92)),0),"") | AY92: =IFERROR(ROUNDUP(($K92*(AN92/$AI92)),0),"") | AZ92: =IFERROR(ROUNDUP(($K92*(AO92/$AI92)),0),"") | BA92: =IFERROR(ROUNDUP(($K92*(AP92/$AI92)),0),"") | BB92: =IFERROR(ROUNDUP(($K92*(AQ92/$AI92)),0),"") | BC92: =AT92-(SUM(AU92:BB92)) -> #DIV/0!
K93: =S93+AB93+AG93 -> #DIV/0! | O93: =SUM(P93:R93) -> 0 | S93: =IF(AND($L93="全額控除"),ROUNDDOWN($P93*(8/108),0))+ROUNDDOWN($Q93*(10/110),0) -> 0 | T93: =U93+AA93 -> 0 | U93: =SUM(V93:Z93) -> 0 | AB93: =IF($L93="個別対応方式",ROUNDDOWN((V93*(8/108)),0)+ROUNDDOWN((W93*(10/110)),0)+ROUNDDOWN((Y93*(8/108)*(M93/N93)),0)+ROUNDDOWN((Z93*(10/110)*(M93/N93)),0)) -> FALSE | AC93: =SUM(AD93:AF93) -> 0 | AG93: =IF(AND($L93="一括比例配分方式"),ROUNDDOWN(($AD93*(8/108)*(M93/N93)),0))+ROUNDDOWN(($AE93*(10/110)*(M93/N93)),0) -> #DIV/0! | AI93: =I93 -> 0 | AT93: =K93 -> #DIV/0! | AU93: =IFERROR(ROUNDUP(($K93*(AJ93/$AI93)),0),"") | AV93: =IFERROR(ROUNDUP(($K93*(AK93/$AI93)),0),"") | AW93: =IFERROR(ROUNDUP(($K93*(AL93/$AI93)),0),"") | AX93: =IFERROR(ROUNDUP(($K93*(AM93/$AI93)),0),"") | AY93: =IFERROR(ROUNDUP(($K93*(AN93/$AI93)),0),"") | AZ93: =IFERROR(ROUNDUP(($K93*(AO93/$AI93)),0),"") | BA93: =IFERROR(ROUNDUP(($K93*(AP93/$AI93)),0),"") | BB93: =IFERROR(ROUNDUP(($K93*(AQ93/$AI93)),0),"") | BC93: =AT93-(SUM(AU93:BB93)) -> #DIV/0!
... K100: =S100+AB100+AG100 -> #DIV/0! | O100: =SUM(P100:R100) -> 0 | S100: =IF(AND($L100="全額控除"),ROUNDDOWN($P100*(8/108),0))+ROUNDDOWN($Q100*(10/110),0) -> 0 | T100: =U100+AA100 -> 0 | U100: =SUM(V100:Z100) -> 0 | AB100: =IF($L100="個別対応方式",ROUNDDOWN((V100*(8/108)),0)+ROUNDDOWN((W100*(10/110)),0)+ROUNDDOWN((Y100*(8/108)*(M100/N100)),0)+ROUNDDOWN((Z100*(10/110)*(M100/N100)),0)) -> FALSE | AC100: =SUM(AD100:AF100) -> 0 | AG100: =IF(AND($L100="一括比例配分方式"),ROUNDDOWN(($AD100*(8/108)*(M100/N100)),0))+ROUNDDOWN(($AE100*(10/110)*(M100/N100)),0) -> #DIV/0! | AI100: =I100 -> 0 | AT100: =K100 -> #DIV/0! | AU100: =IFERROR(ROUNDUP(($K100*(AJ100/$AI100)),0),"") | AV100: =IFERROR(ROUNDUP(($K100*(AK100/$AI100)),0),"") | AW100: =IFERROR(ROUNDUP(($K100*(AL100/$AI100)),0),"") | AX100: =IFERROR(ROUNDUP(($K100*(AM100/$AI100)),0),"") | AY100: =IFERROR(ROUNDUP(($K100*(AN100/$AI100)),0),"") | AZ100: =IFERROR(ROUNDUP(($K100*(AO100/$AI100)),0),"") | BA100: =IFERROR(ROUNDUP(($K100*(AP100/$AI100)),0),"") | BB100: =IFERROR(ROUNDUP(($K100*(AQ100/$AI100)),0),"") | BC100: =AT100-(SUM(AU100:BB100)) -> #DIV/0!
L102: 個別対応方式
L103: 全額控除
L104: 一括比例配分方式

Sheet 入力例
A2: 賃借料補助金消費税仕入控除税額 計算・入力シート
A3: 施設名 | C3: 〇〇保育園 | E3: ①施設名・所在地・法人名・法人所在地・代表者名が正しいかご確認ください
A4: 施設所在地 | C4: 横浜市中区尾上町〇-〇 | E4: （提出日時点の情報に合わせてください。変更がある場合直接入力をお願いします）
A5: 法人名 | C5: 株式会社××
A6: 法人所在地 | C6: 横浜市中区本町××-×
A7: 代表者職氏名 | C7: 代表取締役 △△ △
A8: 提出日 | C8: 46280 | E8: ②提出日を入力してください
A9: 受領した補助金額（総額） | C9: 1200000 | E9: ③入力されている金額が正しいかご確認ください
A10: 決算期 | C10: 45931 | D10: 46296 | E10: ④決算期を選択してください
A11: 補助金額内訳（決算期前後で按分/自動計算） | C11: 700000 | D11: 500000 | E11: （以下、年度中に決算期がある場合はC列・D列にそれぞれ入力してください）
A12: 確定申告の方式 | C12: 一括比例配分方式 | D12: 一括比例配分方式 | E12: ⑤確定申告の方式を選択してください
A13: 課税資産の譲渡等の対価の額 | C13: 300000000 | D13: 310000000 | E13: ⑥申告書の「課税資産の譲渡等の対価の額」を入力してください
A14: 資産の譲渡等の対価の額 | C14: 10000000000 | D14: 2000000000 | E14: ⑦申告書の「資産の譲渡等の対価の額」を入力してください
A15: 課税売上割合 | C15: =C13/C14 -> 0.03 | D15: =D13/D14 -> 0.155 | E15: ⑧申告書の付表２－１ ⑧の課税売上割合を入力してください
A16: 補助金に係る消費税の仕入控除税額が無い場合の概要 （例：免税事業者で消費税の確定申告を行っていないなど） | E16: ⑨補助金に係る消費税の仕入控除がない場合は、概要を選択してください （その他の理由の場合は「別紙_返還なし」シートに詳細を記載してください）
A17: 全額控除 | B17: 課税仕入（８％分）
B18: 課税仕入（10％分）
B19: 非課税仕入
A20: 個別対応方式 | B20: 課税売上対応（８％分）
B21: 課税売上対応（10％分）
B22: 非課税売上対応
B23: 共通売上対応（８％分）
B24: 共通売上対応（10％分）
B25: 非課税仕入
A26: 一括比例配分方式 | B26: 課税仕入（８％）
B27: 課税仕入（10％） | C27: 700000 | D27: 500000 | E27: ⑩確定申告の方式に従い、決算期毎に按分した補助金額を入力してください
B28: 非課税仕入
A30: 計算に使用する課税売上割合 | C30: 300000000/10000000000 | D30: 310000000/2000000000 | E30: ⑪課税売上割合が正しく出力されているか確認してください
A31: 消費税の申告により確定した消費税 及び地方消費税に係る仕入控除税額（端数切捨） | C31: 1909 | D31: 7045 | E31: ⑫出力された仕入控除税額の総額が「第7号様式（仕入控除税額報告書）」 並びに「別紙 積算報告内訳書」に出力されているか確認してください

Sheet 管理用
A2: 45748
A3: 45778
A4: 45809
A5: 45839
A6: 45870
A7: 45901
A8: 45931
A9: 45962
A10: 45992
A11: 46023
A12: 46054
A13: 46082
... A25: 46419
A27: 免税事業者であり、確定申告を行っていないため、補助金に係る消費税及び地方消費税の仕入控除税額がない。
A28: 消費税を簡易課税方式により申告しているため、補助金に係る消費税及び地方消費税の仕入控除税額がない。
A29: 補助金の使途が全て非課税仕入れに該当するため、補助金に係る消費税及び地方消費税の仕入控除税額がない。
A30: 個別対応方式において、補助金に係る消費税を全て「非課税売上のみに要するもの」として申告しているため、補助金に係る消費税及び地方消費税の仕入控除税額がない。
A31: 特定収入割合が５％を超えているため、特例計算を適用しており、補助金に係る消費税及び地方消費税の仕入控除税額がない。
A32: その他（仕入控除税額報告書別紙に理由をご記載ください）

Sheet 第7号様式（仕入控除税額報告書）
B1: 第７号様式（第16条）
H3: =計算シート!C7 -> 0
A5: 消費税及び地方消費税に係る仕入控除税額報告書
B7: （申請先）
B8: 横 浜 市 長
E11: 所 在 地 | G11: =計算シート!C5 -> 0
E12: 法 人 名 | G12: =計算シート!C4 -> 0
E13: 代表者職氏名 | G13: =計算シート!C6 -> 0
E14: 施 設 名 | G14: =計算シート!C2 -> 0
C18: 令和 年 月 日付こ保給第 号により交付決定を受けた、令和７年度横浜市民間保育所等賃借料補助事業補助金に係る消費税及び地方消費税に係る仕入控除税額について、下記のとおり報告する。
A23: 記
B26: 1 | C26: 横浜市民間保育所等賃借料補助事業補助金交付要綱第12条に基づく額の確定額
E29: =計算シート!C8 -> 0 | H29: .－
B34: 2 | C34: 消費税の申告により確定した消費税及び地方消費税に係る仕入控除税額
H35: （補助金返還相当額）
E38: =計算シート!C30+計算シート!D30 -> #DIV/0! | H38: .－
B43: 3 | C43: 添付書類
B44: （１）（別紙）積算内訳報告書
B45: （２）課税期間分の消費税及び地方消費税の確定申告書（写し）
B46: （３）課税売上割合、控除対象仕入税額等の計算表（写し）

Sheet 別紙_返還なし
A2: （別紙）
A3: 積算内訳報告書
A5: １ 施設名
B6: =計算シート!C2&"" | G6: このシートは、返還なしの場合に使用します
A8: ２ 代表者職氏名
B9: =計算シート!C6&""
A11: ３ 施設の所在地
B12: =計算シート!C3&""
A14: ４ 補助事業名
B15: 令和７年度横浜市民間保育所等賃借料補助事業補助金
A17: ５ 横浜市民間保育所等賃借料補助事業補助金交付要綱第12条に基づく額の確定額
B18: =計算シート!C8 -> 0 | D18: .-
A20: ６ 概要
A21: （以下のいずれかに☑をつけてください）
A23: =IF(計算シート!$C$15=管理用!A27,"☑","□") -> □ | B23: 免税事業者であり、確定申告を行っていないため、補助金に係る消費税及び地方消費税の
B24: 仕入控除税額がない。
A26: =IF(計算シート!$C$15=管理用!A28,"☑","□") -> □ | B26: 消費税を簡易課税方式により申告しているため、補助金に係る消費税及び地方消費税の
B27: 仕入控除税額がない。
A29: =IF(計算シート!$C$15=管理用!A29,"☑","□") -> □ | B29: 消費税を簡易課税方式により申告しているため、補助金に係る消費税及び地方消費税の
B30: 仕入控除税額がない。
A32: =IF(計算シート!$C$15=管理用!A30,"☑","□") -> □ | B32: 個別対応方式において、補助金に係る消費税を全て「非課税売上のみに要するもの」として
B33: 申告しているため、補助金に係る消費税及び地方消費税の仕入控除税額がない。
A35: =IF(計算シート!$C$15=管理用!A31,"☑","□") -> □ | B35: 特定収入割合が５％を超えているため、特例計算を適用しており、補助金に係る
B36: 消費税及び地方消費税の仕入控除税額がない。
A38: =IF(計算シート!$C$15=管理用!A32,"☑","□") -> □ | B38: その他（以下余白に概要を記入）

Sheet 別紙_個別対応方式
A2: （別紙）
A3: 積算内訳報告書
A5: １ 施設名
B6: =計算シート!C2&""
M7: このシートは、返還ありの場合に使用します
A9: ２ 代表者職氏名
B10: =計算シート!C6&""
A13: ３ 施設の所在地
B14: =計算シート!C3&""
A17: ４ 補助金名称
B18: 令和７年度横浜市民間保育所等賃借料補助事業補助金
A21: ５ 横浜市民間保育所等賃借料補助事業補助金交付要綱第12条に基づく額の確定額
B22: =計算シート!C8 -> 0 | D22: .-
A25: ６ 概要
A26: (1) 補助金の使途の内訳
B28: 区分 | D28: 課税仕入 | H28: 非課税仕入 | I28: 合計
E29: 課税売上 対応分 | F29: 非課税売上 対応分 | G29: 共通 対応分
B31: 経費の内訳 | C31: =("賃借料（～"&MONTH(計算シート!C9)&"月分）") -> 賃借料（～1月分） | D31: =SUM(E31:G31) -> 0 | E31: =IF(SUM(計算シート!C19:C20)=0,"",SUM(計算シート!C19:C20)) | F31: =計算シート!C21&"" | G31: =IF(SUM(計算シート!C22:C23)=0,"",SUM(計算シート!C22:C23)) | H31: =計算シート!C24&"" | I31: =IFERROR(D31+H31,"0") -> 0
D32: =SUM(E32:G32) -> 0 | I32: =D32+H32 -> 0
D33: =SUM(E33:G33) -> 0 | I33: =D33+H33 -> 0
D34: =SUM(E34:G34) -> 0 | I34: =D34+H34 -> 0
D35: =SUM(E35:G35) -> 0 | I35: =D35+H35 -> 0
D36: =SUM(E36:G36) -> 0 | I36: =D36+H36 -> 0
C37: 計 | D37: =SUM(D31:D36) -> 0 | E37: =SUM(E31:E36) -> 0 | F37: =SUM(F31:F36) -> 0 | G37: =SUM(G31:G36) -> 0 | H37: =SUM(H31:H36) -> 0 | I37: =SUM(I31:I36) -> 0
A39: （2) 課税売上割合
B40: =IF(計算シート!C11="個別対応方式",計算シート!C14,"")
A42: (3) 消費税の申告により確定した消費税及び地方消費税に係る仕入控除税額
B43: =計算シート!C30 -> #DIV/0! | E43: .-

Sheet 別紙_個別対応方式 (2)
A2: （別紙）
A3: 積算内訳報告書
A5: １ 施設名
B6: =計算シート!C2&""
M7: このシートは、返還ありの場合に使用します
A9: ２ 代表者職氏名
B10: =計算シート!C6&""
A13: ３ 施設の所在地
B14: =計算シート!C3&""
A17: ４ 補助金名称
B18: 令和７年度横浜市民間保育所等賃借料補助事業補助金
A21: ５ 横浜市民間保育所等賃借料補助事業補助金交付要綱第12条に基づく額の確定額
B22: =計算シート!C8 -> 0 | D22: .-
A25: ６ 概要
A26: (1) 補助金の使途の内訳
B28: 区分 | D28: 課税仕入 | H28: 非課税仕入 | I28: 合計
E29: 課税売上 対応分 | F29: 非課税売上 対応分 | G29: 共通 対応分
B31: 経費の内訳 | C31: =("賃借料（～"&MONTH(計算シート!D9)&"月分）") -> 賃借料（～1月分） | D31: =SUM(E31:G31) -> 0 | E31: =IF(SUM(計算シート!D19:D20)=0,"",SUM(計算シート!D19:D20)) | F31: =計算シート!D21&"" | G31: =IF(SUM(計算シート!D22:D23)=0,"",SUM(計算シート!D22:D23)) | H31: =計算シート!D24&"" | I31: =IFERROR(D31+H31,"0") -> 0
D32: =SUM(E32:G32) -> 0 | I32: =D32+H32 -> 0
D33: =SUM(E33:G33) -> 0 | I33: =D33+H33 -> 0
D34: =SUM(E34:G34) -> 0 | I34: =D34+H34 -> 0
D35: =SUM(E35:G35) -> 0 | I35: =D35+H35 -> 0
D36: =SUM(E36:G36) -> 0 | I36: =D36+H36 -> 0
C37: 計 | D37: =SUM(D31:D36) -> 0 | E37: =SUM(E31:E36) -> 0 | F37: =SUM(F31:F36) -> 0 | G37: =SUM(G31:G36) -> 0 | H37: =SUM(H31:H36) -> 0 | I37: =SUM(I31:I36) -> 0
A39: （2) 課税売上割合
B40: =IF(計算シート!D11="個別対応方式",計算シート!D14) -> FALSE
A42: (3) 消費税の申告により確定した消費税及び地方消費税に係る仕入控除税額
B43: =計算シート!D30 -> 0 | E43: .-

Sheet 別紙_一括比例配分方式
A2: （別紙）
A3: 積算内訳報告書
A5: １ 施設名
B6: =計算シート!C2&""
M7: このシートは、返還ありの場合に使用します
A9: ２ 代表者職氏名
B10: =計算シート!C6&""
A13: ３ 施設の所在地
B14: =計算シート!C3&""
A17: ４ 補助金名称
B18: 令和７年度横浜市民間保育所等賃借料補助事業補助金
A21: ５ 横浜市民間保育所等賃借料補助事業補助金交付要綱第12条に基づく額の確定額
B22: =計算シート!C8 -> 0 | D22: .-
A25: ６ 概要
A26: (1) 補助金の使途の内訳
B28: 区分 | D28: 課税仕入 | H28: 非課税仕入 | I28: 合計
E29: 課税売上 対応分 | F29: 非課税売上 対応分 | G29: 共通 対応分
B31: 経費の内訳 | C31: =("賃借料（～"&MONTH(計算シート!C9)&"月分）") -> 賃借料（～1月分） | D31: =SUM(E31:G31) -> 0 | E31: =IF(SUM(計算シート!C25:C26)=0,"",SUM(計算シート!C25:C26)) | F31: =計算シート!C27&"" | H31: =計算シート!C27&"" | I31: =IFERROR(D31+H31,"")
D32: =SUM(E32:G32) -> 0 | I32: =D32+H32 -> 0
D33: =SUM(E33:G33) -> 0 | I33: =D33+H33 -> 0
D34: =SUM(E34:G34) -> 0 | I34: =D34+H34 -> 0
D35: =SUM(E35:G35) -> 0 | I35: =D35+H35 -> 0
D36: =SUM(E36:G36) -> 0 | I36: =D36+H36 -> 0
C37: 計 | D37: =SUM(D31:D36) -> 0 | E37: =SUM(E31:E36) -> 0 | F37: =SUM(F31:F36) -> 0 | G37: =SUM(G31:G36) -> 0 | H37: =SUM(H31:H36) -> 0 | I37: =SUM(I31:I36) -> 0
A39: （2) 課税売上割合
B40: =IF(計算シート!C11="一括比例配分方式",計算シート!C14,"")
A42: (3) 消費税の申告により確定した消費税及び地方消費税に係る仕入控除税額
B43: =計算シート!C30 -> #DIV/0! | E43: .-

Sheet 別紙_一括比例配分方式 (2)
A2: （別紙）
A3: 積算内訳報告書
A5: １ 施設名
B6: =計算シート!C2&""
M7: このシートは、返還ありの場合に使用します
A9: ２ 代表者職氏名
B10: =計算シート!C6&""
A13: ３ 施設の所在地
B14: =計算シート!C3&""
A17: ４ 補助金名称
B18: 令和７年度横浜市民間保育所等賃借料補助事業補助金
A21: ５ 横浜市民間保育所等賃借料補助事業補助金交付要綱第12条に基づく額の確定額
B22: =計算シート!C8 -> 0 | D22: .-
A25: ６ 概要
A26: (1) 補助金の使途の内訳
B28: 区分 | D28: 課税仕入 | H28: 非課税仕入 | I28: 合計
E29: 課税売上 対応分 | F29: 非課税売上 対応分 | G29: 共通 対応分
B31: 経費の内訳 | C31: 賃借料（～３月分） | D31: =SUM(E31:G31) -> 0 | E31: =IF(SUM(計算シート!D25:D26)=0,"",SUM(計算シート!D25:D26)) | F31: =計算シート!D27&"" | H31: =計算シート!D27&"" | I31: =IFERROR(D31+H31,"")
D32: =SUM(E32:G32) -> 0 | I32: =D32+H32 -> 0
D33: =SUM(E33:G33) -> 0 | I33: =D33+H33 -> 0
D34: =SUM(E34:G34) -> 0 | I34: =D34+H34 -> 0
D35: =SUM(E35:G35) -> 0 | I35: =D35+H35 -> 0
D36: =SUM(E36:G36) -> 0 | I36: =D36+H36 -> 0
C37: 計 | D37: =SUM(D31:D36) -> 0 | E37: =SUM(E31:E36) -> 0 | F37: =SUM(F31:F36) -> 0 | G37: =SUM(G31:G36) -> 0 | H37: =SUM(H31:H36) -> 0 | I37: =SUM(I31:I36) -> 0
A39: （2) 課税売上割合
B40: =IF(計算シート!D11="一括比例配分方式",計算シート!D14,"")
A42: (3) 消費税の申告により確定した消費税及び地方消費税に係る仕入控除税額
B43: =計算シート!D30 -> 0 | E43: .-

Sheet 別紙_全額控除
A2: （別紙）
A3: 積算内訳報告書
A5: １ 施設名
B6: =計算シート!C2&""
M7: このシートは、返還ありの場合に使用します
A9: ２ 代表者職氏名
B10: =計算シート!C6&""
A13: ３ 施設の所在地
B14: =計算シート!C3&""
A17: ４ 補助金名称
B18: 令和７年度横浜市民間保育所等賃借料補助事業補助金
A21: ５ 横浜市民間保育所等賃借料補助事業補助金交付要綱第12条に基づく額の確定額
B22: =計算シート!C8 -> 0 | D22: .-
A25: ６ 概要
A26: (1) 補助金の使途の内訳
B28: 区分 | D28: 課税仕入 | H28: 非課税仕入 | I28: 合計
E29: 課税売上 対応分 | F29: 非課税売上 対応分 | G29: 共通 対応分
B31: 経費の内訳 | C31: =("賃借料（～"&MONTH(計算シート!C9)&"月分）") -> 賃借料（～1月分） | D31: =SUM(E31:G31) -> 0 | E31: =IF(SUM(計算シート!C16:C18)=0,"",SUM(計算シート!C16:C18)) | F31: =計算シート!C18&"" | H31: =計算シート!C18 -> 0 | I31: =D31+H31 -> 0
D32: =SUM(E32:G32) -> 0 | I32: =D32+H32 -> 0
D33: =SUM(E33:G33) -> 0 | I33: =D33+H33 -> 0
D34: =SUM(E34:G34) -> 0 | I34: =D34+H34 -> 0
D35: =SUM(E35:G35) -> 0 | I35: =D35+H35 -> 0
D36: =SUM(E36:G36) -> 0 | I36: =D36+H36 -> 0
C37: 計 | D37: =SUM(D31:D36) -> 0 | E37: =SUM(E31:E36) -> 0 | F37: =SUM(F31:F36) -> 0 | G37: =SUM(G31:G36) -> 0 | H37: =SUM(H31:H36) -> 0 | I37: =SUM(I31:I36) -> 0
A39: （2) 課税売上割合
B40: =計算シート!C14 -> 0
A42: (3) 消費税の申告により確定した消費税及び地方消費税に係る仕入控除税額
B43: =計算シート!C30 -> #DIV/0! | D43: .-

Sheet 別紙_全額控除 (2)
A2: （別紙）
A3: 積算内訳報告書
A5: １ 施設名
B6: =計算シート!C2&""
M7: このシートは、返還ありの場合に使用します
A9: ２ 代表者職氏名
B10: =計算シート!C6&""
A13: ３ 施設の所在地
B14: =計算シート!C3&""
A17: ４ 補助金名称
B18: 令和７年度横浜市民間保育所等賃借料補助事業補助金
A21: ５ 横浜市民間保育所等賃借料補助事業補助金交付要綱第12条に基づく額の確定額
B22: =計算シート!C8 -> 0 | D22: .-
A25: ６ 概要
A26: (1) 補助金の使途の内訳
B28: 区分 | D28: 課税仕入 | H28: 非課税仕入 | I28: 合計
E29: 課税売上 対応分 | F29: 非課税売上 対応分 | G29: 共通 対応分
B31: 経費の内訳 | C31: 賃借料（～３月分） | D31: =SUM(E31:G31) -> 0 | E31: =IF(SUM(計算シート!D16:D18)=0,"",SUM(計算シート!D16:D18)) | H31: =計算シート!D18 -> 0 | I31: =D31+H31 -> 0
D32: =SUM(E32:G32) -> 0 | I32: =D32+H32 -> 0
D33: =SUM(E33:G33) -> 0 | I33: =D33+H33 -> 0
D34: =SUM(E34:G34) -> 0 | I34: =D34+H34 -> 0
D35: =SUM(E35:G35) -> 0 | I35: =D35+H35 -> 0
D36: =SUM(E36:G36) -> 0 | I36: =D36+H36 -> 0
C37: 計 | D37: =SUM(D31:D36) -> 0 | E37: =SUM(E31:E36) -> 0 | F37: =SUM(F31:F36) -> 0 | G37: =SUM(G31:G36) -> 0 | H37: =SUM(H31:H36) -> 0 | I37: =SUM(I31:I36) -> 0
A39: （2) 課税売上割合
B40: =計算シート!D14 -> 0
A42: (3) 消費税の申告により確定した消費税及び地方消費税に係る仕入控除税額
B43: =計算シート!D30 -> 0 | D43: .-
